Workbook

Sheet Cover
B2: Spotify Technology S.A. (NYSE: SPOT)
B3: Cover
B4: EUR millions, except per share
B5: Forecast period | C5: 3Q26E
B6: Period end | C6: 46295
B7: Days in period | C7: =C6-EOMONTH(C6,-3) -> 92
B9: Company Model — built by Shortcut
B11: Company | C11: Spotify Technology S.A.
B12: Ticker / exchange | C12: SPOT — New York Stock Exchange (NYSE: SPOT)
B13: Fiscal year end | C13: 31 December (calendar year); target 3Q26 = quarter ended 30-Sep-2026 (supplied label "FQ3 2026 - Sep 2026", end 2026-09-30 — exact)
B14: Reporting currency | C14: EUR — EPS in EUR per diluted ordinary share; amounts in EUR millions (NYSE price is USD; not used as a conversion factor)
B15: EPS basis | C15: CapIQ normalized diluted EPS per ordinary share, EUR (= IFRS diluted EPS; issuer reports no non-GAAP EPS)
B16: Information cutoff | C16: 2026-10-18 21:34:46 UTC
B17: Expected report date | C17: 2026-10-22 before market open (issuer, S11); supplied CapIQ date 2026-11-03 (unconfirmed) kept for reference
B18: Author | C18: Shortcut — this model was built by Shortcut
B20: Headline: 3Q26E estimate vs consensus vs guidance | C20: Shortcut estimate | D20: Consensus at cutoff (CapIQ 2026-10-18) | E20: Variance vs consensus | F20: Variance % | G20: Guidance midpoint | H20: Estimate − guidance
B21: Revenue (EUR m) | C21: ='Income Statement'!H10 -> 4968.8347 | D21: =Inputs!C20 -> 4978.38 | E21: =C21-D21 -> -9.5453463 | F21: =IFERROR(C21/D21-1,"n.a.") -> -0.0019173599 | G21: =Guidance!G44 -> 5000 | H21: =C21-G21 -> -31.165346
B22: Gross margin | C22: ='Income Statement'!H17 -> 0.33027952 | D22: n.a. | E22: n.a. | F22: n.a. | G22: =Guidance!G45 -> 0.329 | H22: =(C22-G22)*10000 -> 12.795206
B23: Operating income (EUR m) | C23: ='Income Statement'!H41 -> 668.30315 | D23: =Inputs!C70 -> 672.01 | E23: =C23-D23 -> -3.7068497 | F23: =IFERROR(C23/D23-1,"n.a.") -> -0.0055160633 | G23: =Guidance!G46 -> 670 | H23: =C23-G23 -> -1.6968497
B24: Net income — normalized (EUR m) | C24: ='Income Statement'!H82 -> 545.83494 | D24: =Inputs!C73 -> 598.47 | E24: =C24-D24 -> -52.635058 | F24: =IFERROR(C24/D24-1,"n.a.") -> -0.087949368 | G24: n.a. | H24: n.a.
B25: Net income — IFRS (EUR m) | C25: ='Income Statement'!H56 -> 545.83494 | D25: =Inputs!C74 -> 591.71 | E25: =C25-D25 -> -45.875058 | F25: =IFERROR(C25/D25-1,"n.a.") -> -0.077529632 | G25: n.a. | H25: n.a.
B26: Normalized dil. EPS (EUR, scored) | C26: ='Income Statement'!H83 -> 2.6118231 | D26: =Inputs!C18 -> 2.85 | E26: =C26-D26 -> -0.23817688 | F26: =IFERROR(C26/D26-1,"n.a.") -> -0.083570837 | G26: n.a. | H26: n.a.
B27: IFRS diluted EPS (EUR) | C27: ='Income Statement'!H69 -> 2.6118231 | D27: =Inputs!C51 -> 2.81 | E27: =C27-D27 -> -0.19817688 | F27: =IFERROR(C27/D27-1,"n.a.") -> -0.070525582 | G27: n.a. | H27: n.a.
B28: Diluted shares (m; cons. = NI ÷ EPS) | C28: ='Income Statement'!H67 -> 208.98618 | D28: =D24/D26 -> 209.98947 | E28: =C28-D28 -> -1.0032915 | F28: =IFERROR(C28/D28-1,"n.a.") -> -0.0047778181 | G28: n.a. | H28: n.a.
B29: Normalized EPS estimates (n) | D29: =Inputs!C47 -> 19
B30: Check: Cover ties to statements | C30: =ROUND(C21-'Income Statement'!H10,6)+ROUND(C24-'Income Statement'!H82,6)+ROUND(C26-'Income Statement'!H83,9)+ROUND(C27-'Income Statement'!H69,9) -> 0
B31: Overall model check result | C31: =IF(AND(MAX('Revenue summary'!C40:H40)=0,MIN('Revenue summary'!C40:H40)=0,MAX('Income Statement'!C20:H20)=0,MIN('Income Statement'!C20:H20)=0,MAX('Income Statement'!C73:G73)=0,MIN('Income Statement'!C73:G73)=0,MAX('Income Statement'!C74:H74)=0,MIN('Income Statement'!C74:H74)=0,MAX('Income Statement'!C85:F85)=0,MIN('Income Statement'!C85:F85)=0,MAX('Income Statement'!C118:H118)=0,MIN('Income Statement'!C118:H118)=0,MAX('Income Statement'!C124:H124)=0,MIN('Income Statement'!C124:H124)=0,MAX('Balance Sheet'!C53:H53)=0,MIN('Balance Sheet'!C53:H53)=0,MAX('Cash Flow Statement'!C51:H51)=0,MIN('Cash Flow Statement'!C51:H51)=0,MAX('Cash Flow Statement'!C59:G59)=0,MIN('Cash Flow Statement'!C59:G59)=0,MAX(Geo!C40:H40)=0,MIN(Geo!C40:H40)=0,MAX('Share Count'!C21:G21)=0,MIN('Share Count'!C21:G21)=0,C30=0),"PASS","FAIL") -> PASS
B33: P(beat consensus EPS) | C33: =Inputs!C220 -> 0.22
B34: Confidence | C34: =Inputs!C221 -> medium
B36: Notes: consensus = frozen CapIQ snapshot (S1, 2026-10-18; scoring baseline). Newer/other consensus is recorded separately on Inputs section E.
B37: Target-quarter actuals were not available or used (issuer reports 2026-10-22, after the cutoff).

Sheet Revenue summary
B2: Spotify Technology S.A. (NYSE: SPOT)
B3: Revenue summary
B4: EUR millions, except per share
B5: Period | C5: 3Q25A | D5: 4Q25A | E5: 1Q26A | F5: 2Q26A | G5: FY25A | H5: 3Q26E | I5: Notes
B6: Period end | C6: 45930 | D6: 46022 | E6: 46112 | F6: 46203 | G6: 46022 | H6: 46295
B7: Days in period | C7: =C6-EOMONTH(C6,-3) -> 92 | D7: =D6-EOMONTH(D6,-3) -> 92 | E7: =E6-EOMONTH(E6,-3) -> 90 | F7: =F6-EOMONTH(F6,-3) -> 91 | G7: =G6-DATE(YEAR(G6)-1,12,31) -> 365 | H7: =H6-EOMONTH(H6,-3) -> 92
B9: Revenue by reported segment (EUR m)
B10: Premium revenue | C10: ='Segment - Premium'!C42 -> 3835 | D10: ='Segment - Premium'!D42 -> 4020 | E10: ='Segment - Premium'!E42 -> 4148 | F10: ='Segment - Premium'!F42 -> 4331 | G10: ='Segment - Premium'!G42 -> 15391 | H10: ='Segment - Premium'!H42 -> 4496.9403
B11: % Y/Y | C11: =IFERROR(IF(Inputs!C111<=0,"n.m.",C10/Inputs!C111-1),"n.a.") -> 0.086402266 | D11: =IFERROR(IF(Inputs!D111<=0,"n.m.",D10/Inputs!D111-1),"n.a.") -> 0.080354743 | E11: =IFERROR(IF(Inputs!E111<=0,"n.m.",E10/Inputs!E111-1),"n.a.") -> 0.096484272 | F11: =IFERROR(IF(Inputs!F111<=0,"n.m.",F10/Inputs!F111-1),"n.a.") -> 0.15401013 | G11: =IFERROR(IF(Inputs!G111<=0,"n.m.",G10/Inputs!G111-1),"n.a.") -> 0.10926126 | H11: =IFERROR(IF(C10<=0,"n.m.",H10/C10-1),"n.a.") -> 0.17260503
B12: % Q/Q | C12: =IFERROR(IF(Inputs!F111<=0,"n.m.",C10/Inputs!F111-1),"n.a.") -> 0.021849187 | D12: =IFERROR(IF(C10<=0,"n.m.",D10/C10-1),"n.a.") -> 0.048239896 | E12: =IFERROR(IF(D10<=0,"n.m.",E10/D10-1),"n.a.") -> 0.031840796 | F12: =IFERROR(IF(E10<=0,"n.m.",F10/E10-1),"n.a.") -> 0.044117647 | G12: n.a. | H12: =IFERROR(IF(F10<=0,"n.m.",H10/F10-1),"n.a.") -> 0.038314541
B13: % of total revenue | C13: =C10/C28 -> 0.89770599 | D13: =D10/D28 -> 0.88722136 | E13: =E10/E28 -> 0.91506728 | F13: =F10/F28 -> 0.90663596 | G13: =G10/G28 -> 0.89555452 | H13: =H10/H28 -> 0.90502917
B14: Organic growth | C14: n.a. | D14: n.a. | E14: n.a. | F14: n.a. | G14: n.a. | H14: n.a. | I14: Unavailable: M&A/scope not disclosed
B15: M&A / scope impact | C15: n.a. | D15: n.a. | E15: n.a. | F15: n.a. | G15: n.a. | H15: n.a. | I15: Not disclosed
B16: FX impact | C16: ='Segment - Premium'!C50 -> -0.04305949 | D16: ='Segment - Premium'!D50 -> -0.055361462 | E16: ='Segment - Premium'!E50 -> -0.056568861 | F16: ='Segment - Premium'!F50 -> -0.0058619771 | G16: ='Segment - Premium'!G50 -> -0.03618018 | H16: ='Segment - Premium'!H50 -> 0.018
B17: Constant-currency growth (FXN) | C17: ='Segment - Premium'!C49 -> 0.12946176 | D17: ='Segment - Premium'!D49 -> 0.13571621 | E17: ='Segment - Premium'!E49 -> 0.15305313 | F17: ='Segment - Premium'!F49 -> 0.1598721 | G17: ='Segment - Premium'!G49 -> 0.14544144 | H17: ='Segment - Premium'!H49 -> 0.15460503 | I17: Constant-currency growth (issuer FXN)
B18: Total Y/Y | C18: =C10/Inputs!C111-1 -> 0.086402266 | D18: =D10/Inputs!D111-1 -> 0.080354743 | E18: =E10/Inputs!E111-1 -> 0.096484272 | F18: =F10/Inputs!F111-1 -> 0.15401013 | G18: =G10/Inputs!G111-1 -> 0.10926126 | H18: =H10/C10-1 -> 0.17260503
B19: Ad-Supported revenue | C19: ='Segment - Ad-Supported'!C52 -> 437 | D19: ='Segment - Ad-Supported'!D52 -> 511 | E19: ='Segment - Ad-Supported'!E52 -> 385 | F19: ='Segment - Ad-Supported'!F52 -> 446 | G19: ='Segment - Ad-Supported'!G52 -> 1795 | H19: ='Segment - Ad-Supported'!H52 -> 471.89438
B20: % Y/Y | C20: =IFERROR(IF(Inputs!C112<=0,"n.m.",C19/Inputs!C112-1),"n.a.") -> -0.045851528 | D20: =IFERROR(IF(Inputs!D112<=0,"n.m.",D19/Inputs!D112-1),"n.a.") -> -0.019193858 | E20: =IFERROR(IF(Inputs!E112<=0,"n.m.",E19/Inputs!E112-1),"n.a.") -> -0.054054054 | F20: =IFERROR(IF(Inputs!F112<=0,"n.m.",F19/Inputs!F112-1),"n.a.") -> 0.013636364 | G20: =IFERROR(IF(Inputs!G112<=0,"n.m.",G19/Inputs!G112-1),"n.a.") -> -0.0016685206 | H20: =IFERROR(IF(C19<=0,"n.m.",H19/C19-1),"n.a.") -> 0.079849829
B21: % Q/Q | C21: =IFERROR(IF(Inputs!F112<=0,"n.m.",C19/Inputs!F112-1),"n.a.") -> -0.0068181818 | D21: =IFERROR(IF(C19<=0,"n.m.",D19/C19-1),"n.a.") -> 0.16933638 | E21: =IFERROR(IF(D19<=0,"n.m.",E19/D19-1),"n.a.") -> -0.24657534 | F21: =IFERROR(IF(E19<=0,"n.m.",F19/E19-1),"n.a.") -> 0.15844156 | G21: n.a. | H21: =IFERROR(IF(F19<=0,"n.m.",H19/F19-1),"n.a.") -> 0.058059138
B22: % of total revenue | C22: =C19/C28 -> 0.10229401 | D22: =D19/D28 -> 0.11277864 | E22: =E19/E28 -> 0.084932716 | F22: =F19/F28 -> 0.093364036 | G22: =G19/G28 -> 0.10444548 | H22: =H19/H28 -> 0.094970835
B23: Organic growth | C23: n.a. | D23: n.a. | E23: n.a. | F23: n.a. | G23: n.a. | H23: n.a. | I23: Unavailable: M&A/scope not disclosed
B24: M&A / scope impact | C24: n.a. | D24: n.a. | E24: n.a. | F24: n.a. | G24: n.a. | H24: n.a. | I24: Not disclosed
B25: FX impact | C25: ='Segment - Ad-Supported'!C60 -> -0.056768559 | D25: ='Segment - Ad-Supported'!D60 -> -0.080614203 | E25: ='Segment - Ad-Supported'!E60 -> -0.088452088 | F25: ='Segment - Ad-Supported'!F60 -> -0.018181818 | G25: ='Segment - Ad-Supported'!G60 -> -0.046162403 | H25: ='Segment - Ad-Supported'!H60 -> 0.018
B26: Constant-currency growth (FXN) | C26: ='Segment - Ad-Supported'!C59 -> 0.010917031 | D26: ='Segment - Ad-Supported'!D59 -> 0.061420345 | E26: ='Segment - Ad-Supported'!E59 -> 0.034398034 | F26: ='Segment - Ad-Supported'!F59 -> 0.031818182 | G26: ='Segment - Ad-Supported'!G59 -> 0.044493882 | H26: ='Segment - Ad-Supported'!H59 -> 0.061849829 | I26: Constant-currency growth (issuer FXN)
B27: Total Y/Y | C27: =C19/Inputs!C112-1 -> -0.045851528 | D27: =D19/Inputs!D112-1 -> -0.019193858 | E27: =E19/Inputs!E112-1 -> -0.054054054 | F27: =F19/Inputs!F112-1 -> 0.013636364 | G27: =G19/Inputs!G112-1 -> -0.0016685206 | H27: =H19/C19-1 -> 0.079849829
B28: Total revenue | C28: =C10+C19 -> 4272 | D28: =D10+D19 -> 4531 | E28: =E10+E19 -> 4533 | F28: =F10+F19 -> 4777 | G28: =G10+G19 -> 17186 | H28: =H10+H19 -> 4968.8347
B29: % Y/Y | C29: =IFERROR(IF(Inputs!C110<=0,"n.m.",C28/Inputs!C110-1),"n.a.") -> 0.071213641 | D29: =IFERROR(IF(Inputs!D110<=0,"n.m.",D28/Inputs!D110-1),"n.a.") -> 0.068128241 | E29: =IFERROR(IF(Inputs!E110<=0,"n.m.",E28/Inputs!E110-1),"n.a.") -> 0.081861575 | F29: =IFERROR(IF(Inputs!F110<=0,"n.m.",F28/Inputs!F110-1),"n.a.") -> 0.13927975 | G29: =IFERROR(IF(Inputs!G110<=0,"n.m.",G28/Inputs!G110-1),"n.a.") -> 0.096535443 | H29: =IFERROR(IF(C28<=0,"n.m.",H28/C28-1),"n.a.") -> 0.16311673
B30: % Q/Q | C30: =IFERROR(IF(Inputs!F110<=0,"n.m.",C28/Inputs!F110-1),"n.a.") -> 0.018840925 | D30: =IFERROR(IF(C28<=0,"n.m.",D28/C28-1),"n.a.") -> 0.060627341 | E30: =IFERROR(IF(D28<=0,"n.m.",E28/D28-1),"n.a.") -> 0.00044140366 | F30: =IFERROR(IF(E28<=0,"n.m.",F28/E28-1),"n.a.") -> 0.053827487 | G30: n.a. | H30: =IFERROR(IF(F28<=0,"n.m.",H28/F28-1),"n.a.") -> 0.040157976
B31: % of total revenue | C31: =C28/C28 -> 1 | D31: =D28/D28 -> 1 | E31: =E28/E28 -> 1 | F31: =F28/F28 -> 1 | G31: =G28/G28 -> 1 | H31: =H28/H28 -> 1
B32: FX effect, EUR m (+ = headwind) | C32: ='Segment - Premium'!C47+'Segment - Ad-Supported'!C57 -> 178 | D32: ='Segment - Premium'!D47+'Segment - Ad-Supported'!D57 -> 248 | E32: ='Segment - Premium'!E47+'Segment - Ad-Supported'!E57 -> 250 | F32: ='Segment - Premium'!F47+'Segment - Ad-Supported'!F57 -> 30 | G32: ='Segment - Premium'!G47+'Segment - Ad-Supported'!G57 -> 585 | H32: ='Segment - Premium'!H47+'Segment - Ad-Supported'!H57 -> -76.896 | I32: FX effect at prior-year rates (EUR m; + = headwind)
B33: Revenue excl. FX effect (EUR m) | C33: =C28+C32 -> 4450 | D33: =D28+D32 -> 4779 | E33: =E28+E32 -> 4783 | F33: =F28+F32 -> 4807 | G33: =G28+G32 -> 17771 | H33: =H28+H32 -> 4891.9387
B34: Organic growth | C34: n.a. | D34: n.a. | E34: n.a. | F34: n.a. | G34: n.a. | H34: n.a. | I34: Unavailable: M&A/scope not disclosed
B35: M&A / scope impact | C35: n.a. | D35: n.a. | E35: n.a. | F35: n.a. | G35: n.a. | H35: n.a. | I35: Not disclosed
B36: Constant-currency growth (FXN) | C36: =C33/Inputs!C110-1 -> 0.11584754 | D36: =D33/Inputs!D110-1 -> 0.12659123 | E36: =E33/Inputs!E110-1 -> 0.14152745 | F36: =F33/Inputs!F110-1 -> 0.14643453 | G36: =G33/Inputs!G110-1 -> 0.13386078 | H36: =H33/C28-1 -> 0.14511673 | I36: Constant-currency growth (issuer FXN)
B37: FX impact (Y/Y − cc) | C37: =C29-C36 -> -0.044633902 | D37: =D29-D36 -> -0.058462989 | E37: =E29-E36 -> -0.059665871 | F37: =F29-F36 -> -0.0071547818 | G37: =G29-G36 -> -0.037325337 | H37: =H29-H36 -> 0.018
B38: Total Y/Y | C38: =C28/Inputs!C110-1 -> 0.071213641 | D38: =D28/Inputs!D110-1 -> 0.068128241 | E38: =E28/Inputs!E110-1 -> 0.081861575 | F38: =F28/Inputs!F110-1 -> 0.13927975 | G38: =G28/Inputs!G110-1 -> 0.096535443 | H38: =H28/C28-1 -> 0.16311673
B40: Check: segments − IS revenue | C40: =ROUND(C28-'Income Statement'!C10,6) -> 0 | D40: =ROUND(D28-'Income Statement'!D10,6) -> 0 | E40: =ROUND(E28-'Income Statement'!E10,6) -> 0 | F40: =ROUND(F28-'Income Statement'!F10,6) -> 0 | G40: =ROUND(G28-'Income Statement'!G10,6) -> 0 | H40: =ROUND(H28-'Income Statement'!H10,6) -> 0 | I40: Check: segments sum − reported total revenue (IS)
B42: Geography: revenue by country is disclosed (United States, Luxembourg, other countries) — modelled on the Geo tab.

Sheet Segment - Premium
B2: Spotify Technology S.A. (NYSE: SPOT)
B3: Segment - Premium
B4: EUR millions, except per share; users in millions; ARPU in EUR per month
B5: Period | C5: 3Q25A | D5: 4Q25A | E5: 1Q26A | F5: 2Q26A | G5: FY25A | H5: 3Q26E | I5: Notes
B6: Period end | C6: 45930 | D6: 46022 | E6: 46112 | F6: 46203 | G6: 46022 | H6: 46295
B7: Days in period | C7: =C6-EOMONTH(C6,-3) -> 92 | D7: =D6-EOMONTH(D6,-3) -> 92 | E7: =E6-EOMONTH(E6,-3) -> 90 | F7: =F6-EOMONTH(F6,-3) -> 91 | G7: =G6-DATE(YEAR(G6)-1,12,31) -> 365 | H7: =H6-EOMONTH(H6,-3) -> 92
B9: Premium Subscribers (millions)
B10: Opening subscribers | C10: =Inputs!F151 -> 276 | D10: =C16 -> 281 | E10: =D16 -> 290 | F10: =E16 -> 293 | G10: =Inputs!D151 -> 263 | H10: =F16 -> 300 | I10: Prior period-end; FY opening = 4Q24 (Inputs)
B11: Gross additions | C11: n.a. | D11: n.a. | E11: n.a. | F11: n.a. | G11: n.a. | H11: n.a. | I11: Not disclosed by Spotify
B12: Churned subscribers | C12: n.a. | D12: n.a. | E12: n.a. | F12: n.a. | G12: n.a. | H12: n.a. | I12: Not disclosed by Spotify
B13: Net additions | C13: =C16-C10 -> 5 | D13: =D16-D10 -> 9 | E13: =E16-E10 -> 3 | F13: =F16-F10 -> 7 | G13: =G16-G10 -> 27 | H13: =Guidance!G43-F16 -> 5 | I13: 3Q26E = guidance 305m less 2Q26 close (Guidance tab; S3)
B14: Net adds — Y/Y chg (m) | C14: =C13-Inputs!C154 -> -1 | D14: =D13-Inputs!D154 -> -2 | E14: =E13-Inputs!E154 -> -2 | F14: =F13-Inputs!F154 -> -1 | G14: =G13-Inputs!G154 -> 0 | H14: =H13-C13 -> 0
B15: Net adds — Q/Q chg (m) | C15: =C13-Inputs!F154 -> -3 | D15: =D13-C13 -> 4 | E15: =E13-D13 -> -6 | F15: =F13-E13 -> 4 | G15: n.a. | H15: =H13-F13 -> -2
B16: Closing subscribers | C16: 281 | D16: 290 | E16: 293 | F16: 300 | G16: =D16 -> 290 | H16: =H10+H13 -> 305 | I16: S7, S6, S5, S3
B17: % Y/Y | C17: =IFERROR(IF(Inputs!C151<=0,"n.m.",C16/Inputs!C151-1),"n.a.") -> 0.11507937 | D17: =IFERROR(IF(Inputs!D151<=0,"n.m.",D16/Inputs!D151-1),"n.a.") -> 0.1026616 | E17: =IFERROR(IF(Inputs!E151<=0,"n.m.",E16/Inputs!E151-1),"n.a.") -> 0.093283582 | F17: =IFERROR(IF(Inputs!F151<=0,"n.m.",F16/Inputs!F151-1),"n.a.") -> 0.086956522 | G17: =IFERROR(IF(Inputs!G151<=0,"n.m.",G16/Inputs!G151-1),"n.a.") -> 0.1026616 | H17: =IFERROR(IF(C16<=0,"n.m.",H16/C16-1),"n.a.") -> 0.085409253
B18: Q/Q chg (m) | C18: =C16-Inputs!F151 -> 5 | D18: =D16-C16 -> 9 | E18: =E16-D16 -> 3 | F18: =F16-E16 -> 7 | G18: n.a. | H18: =H16-F16 -> 5
B19: Average subscribers | C19: =(C10+C16)/2 -> 278.5 | D19: =(D10+D16)/2 -> 285.5 | E19: =(E10+E16)/2 -> 291.5 | F19: =(F10+F16)/2 -> 296.5 | G19: =(Inputs!D151+2*Inputs!E151+2*Inputs!F151+2*C16+D16)/8 -> 275.375 | H19: =(H10+H16)/2 -> 302.5 | I19: Simple average of opening/closing; FY = mean of quarterly averages
B20: % Y/Y | C20: =IFERROR(IF(Inputs!C153<=0,"n.m.",C19/Inputs!C153-1),"n.a.") -> 0.1184739 | D20: =IFERROR(IF(Inputs!D153<=0,"n.m.",D19/Inputs!D153-1),"n.a.") -> 0.10873786 | E20: =IFERROR(IF(Inputs!E153<=0,"n.m.",E19/Inputs!E153-1),"n.a.") -> 0.097928437 | F20: =IFERROR(IF(Inputs!F153<=0,"n.m.",F19/Inputs!F153-1),"n.a.") -> 0.090073529 | G20: n.a. | H20: =IFERROR(IF(C19<=0,"n.m.",H19/C19-1),"n.a.") -> 0.086175943
B21: Q/Q chg (m) | C21: =C19-Inputs!F153 -> 6.5 | D21: =D19-C19 -> 7 | E21: =E19-D19 -> 6 | F21: =F19-E19 -> 5 | G21: n.a. | H21: =H19-F19 -> 6
B22: Monthly churn % | C22: n.a. | D22: n.a. | E22: n.a. | F22: n.a. | G22: n.a. | H22: n.a. | I22: Not disclosed
B23: Premium subs % of total MAUs | C23: =C16/'Segment - Ad-Supported'!C16 -> 0.3941094 | D23: =D16/'Segment - Ad-Supported'!D16 -> 0.3861518 | E23: =E16/'Segment - Ad-Supported'!E16 -> 0.38501971 | F23: =F16/'Segment - Ad-Supported'!F16 -> 0.38610039 | G23: =G16/'Segment - Ad-Supported'!G16 -> 0.3861518 | H23: =H16/'Segment - Ad-Supported'!H16 -> 0.38705584
B24: Y/Y chg (bps) | C24: =IFERROR((C23-Inputs!C166)*10000,"n.a.") -> 3.5939691 | D24: =IFERROR((D23-Inputs!D166)*10000,"n.a.") -> -34.77832 | E24: =IFERROR((E23-Inputs!E166)*10000,"n.a.") -> -102.60525 | F24: =IFERROR((F23-Inputs!F166)*10000,"n.a.") -> -104.51338 | G24: =IFERROR((G23-Inputs!G166)*10000,"n.a.") -> -34.77832 | H24: =IFERROR((H23-C23)*10000,"n.a.") -> -70.535594
B25: Q/Q chg (bps) | C25: =IFERROR((C23-Inputs!F166)*10000,"n.a.") -> -24.423272 | D25: =IFERROR((D23-C23)*10000,"n.a.") -> -79.575993 | E25: =IFERROR((E23-D23)*10000,"n.a.") -> -11.320867 | F25: =IFERROR((F23-E23)*10000,"n.a.") -> 10.806752 | G25: n.a. | H25: =IFERROR((H23-F23)*10000,"n.a.") -> 9.5545146
B27: Premium ARPU (EUR per month)
B28: Months in period | C28: 3 | D28: 3 | E28: 3 | F28: 3 | G28: 12 | H28: 3
B29: Derived ARPU (rev / avg subs / months) | C29: =C42/C19/C28 -> 4.5900658 | D29: =D42/D19/D28 -> 4.6935201 | E29: =E42/E19/E28 -> 4.7432819 | F29: =F42/F19/F28 -> 4.8690275 | G29: =G42/G19/G28 -> 4.6575881 | H29: =H42/H19/H28 -> 4.9553061 | I29: Same definition in every column (3Q26E revenue built from cc ARPU + FX below)
B30: % Y/Y | C30: =IFERROR(IF(Inputs!C155<=0,"n.m.",C29/Inputs!C155-1),"n.a.") -> -0.028674455 | D30: =IFERROR(IF(Inputs!D155<=0,"n.m.",D29/Inputs!D155-1),"n.a.") -> -0.025599487 | E30: =IFERROR(IF(Inputs!E155<=0,"n.m.",E29/Inputs!E155-1),"n.a.") -> -0.0013153546 | F30: =IFERROR(IF(Inputs!F155<=0,"n.m.",F29/Inputs!F155-1),"n.a.") -> 0.058653471 | G30: n.a. | H30: =IFERROR(IF(C29<=0,"n.m.",H29/C29-1),"n.a.") -> 0.079571901
B31: Q/Q chg (EUR) | C31: =C29-Inputs!F155 -> -0.009198877 | D31: =D29-C29 -> 0.10345431 | E31: =E29-D29 -> 0.049761735 | F31: =F29-E29 -> 0.12574567 | G31: n.a. | H31: =H29-F29 -> 0.086278548
B32: Constant-currency ARPU Y/Y (derived) | C32: =IFERROR((C48/C19/C28)/Inputs!C155-1,"n.a.") -> 0.0098239761 | D32: =IFERROR((D48/D19/D28)/Inputs!D155-1,"n.a.") -> 0.024332479 | E32: =IFERROR((E48/E19/E28)/Inputs!E155-1,"n.a.") -> 0.050207913 | F32: =IFERROR((F48/F19/F28)/Inputs!F155-1,"n.a.") -> 0.064031069 | G32: n.a. | H32: 0.063 | I32: Defined as (revenue excl. FX / avg subs / months) ÷ prior-year derived ARPU − 1; 3Q26E assumption: issuer cc ARPU ~7% (S3, S14) less ~0.7pt derived-basis gap. C32:D32 mix pre-2026 FX with 2026-basis revenue (see I47)
B33: Y/Y chg (bps) | C33: n.a. | D33: n.a. | E33: n.a. | F33: n.a. | G33: n.a. | H33: =IFERROR((H32-C32)*10000,"n.a.") -> 531.76024
B34: Q/Q chg (bps) | C34: n.a. | D34: =IFERROR((D32-C32)*10000,"n.a.") -> 145.08503 | E34: =IFERROR((E32-D32)*10000,"n.a.") -> 258.75434 | F34: =IFERROR((F32-E32)*10000,"n.a.") -> 138.23155 | G34: n.a. | H34: =IFERROR((H32-F32)*10000,"n.a.") -> -10.310686
B35: Premium ARPU — reported (issuer, EUR) | C35: 4.53 | D35: 4.7 | E35: 4.76 | F35: 4.89 | G35: 4.63 | H35: =H29*F35/F29 -> 4.9766502 | I35: 3Q25/4Q25/FY25 on pre-2026 segment basis (S7, S6, S9); 3Q26E scaled by 2Q26 reported/derived ratio
B36: Q/Q chg (EUR) | C36: n.a. | D36: =D35-C35 -> 0.17 | E36: =E35-D35 -> 0.06 | F36: =F35-E35 -> 0.13 | G36: n.a. | H36: =H35-F35 -> 0.086650177
B37: Reported ARPU % Y/Y (issuer) | C37: -0.04 | D37: -0.03 | E37: n.a. | F37: 0.07 | G37: -0.01 | H37: n.a. | I37: 1Q26 issuer: "roughly flat" (no figure). 3Q26E n.a.: H35 is on the 2026 segment basis but C35 (3Q25) is pre-2026 basis, so Y/Y would mix bases; same-basis derived ARPU Y/Y is row 30
B38: Reported ARPU cc % Y/Y (issuer) | C38: 0 | D38: 0.02 | E38: 0.057 | F38: 0.074 | G38: n.a. | H38: n.a. | I38: S7, S6, S5, S3
B39: Q/Q chg (bps) | C39: n.a. | D39: =IFERROR((D38-C38)*10000,"n.a.") -> 200 | E39: =IFERROR((E38-D38)*10000,"n.a.") -> 370 | F39: =IFERROR((F38-E38)*10000,"n.a.") -> 170 | G39: n.a. | H39: =IFERROR((H38-F38)*10000,"n.a.") -> n.a.
B41: Premium revenue (EUR m)
B42: Premium revenue | C42: 3835 | D42: 4020 | E42: 4148 | F42: 4331 | G42: =Inputs!E111+Inputs!F111+C42+D42 -> 15391 | H42: =H48+H50*C42 -> 4496.9403 | I42: 2026 segment basis (S5 appendix, S3); 3Q26E = revenue excl. FX + FX impact × 3Q25 revenue
B43: % Y/Y | C43: =IFERROR(IF(Inputs!C111<=0,"n.m.",C42/Inputs!C111-1),"n.a.") -> 0.086402266 | D43: =IFERROR(IF(Inputs!D111<=0,"n.m.",D42/Inputs!D111-1),"n.a.") -> 0.080354743 | E43: =IFERROR(IF(Inputs!E111<=0,"n.m.",E42/Inputs!E111-1),"n.a.") -> 0.096484272 | F43: =IFERROR(IF(Inputs!F111<=0,"n.m.",F42/Inputs!F111-1),"n.a.") -> 0.15401013 | G43: =IFERROR(IF(Inputs!G111<=0,"n.m.",G42/Inputs!G111-1),"n.a.") -> 0.10926126 | H43: =IFERROR(IF(C42<=0,"n.m.",H42/C42-1),"n.a.") -> 0.17260503
B44: Q/Q chg (EUR m) | C44: =C42-Inputs!F111 -> 82 | D44: =D42-C42 -> 185 | E44: =E42-D42 -> 128 | F44: =F42-E42 -> 183 | G44: n.a. | H44: =H42-F42 -> 165.94028
B45: % Q/Q | C45: =IFERROR(IF(Inputs!F111<=0,"n.m.",C42/Inputs!F111-1),"n.a.") -> 0.021849187 | D45: =IFERROR(IF(C42<=0,"n.m.",D42/C42-1),"n.a.") -> 0.048239896 | E45: =IFERROR(IF(D42<=0,"n.m.",E42/D42-1),"n.a.") -> 0.031840796 | F45: =IFERROR(IF(E42<=0,"n.m.",F42/E42-1),"n.a.") -> 0.044117647 | G45: n.a. | H45: =IFERROR(IF(F42<=0,"n.m.",H42/F42-1),"n.a.") -> 0.038314541
B46: % of total revenue | C46: =C42/'Revenue summary'!C28 -> 0.89770599 | D46: =D42/'Revenue summary'!D28 -> 0.88722136 | E46: =E42/'Revenue summary'!E28 -> 0.91506728 | F46: =F42/'Revenue summary'!F28 -> 0.90663596 | G46: =G42/'Revenue summary'!G28 -> 0.89555452 | H46: =H42/'Revenue summary'!H28 -> 0.90502917
B47: FX effect, EUR m (+ = headwind) | C47: 152 | D47: 206 | E47: 214 | F47: 22 | G47: 502 | H47: =H48-H42 -> -69.03 | I47: Issuer FXN reconciliations (S7, S6, S5, S3). 3Q25/4Q25/FY25 FX effects come from pre-2026-segment-basis releases but are applied to 2026-basis (recast) revenue — mixed-recast approximation; restated segment FX not disclosed. FY25 G47 = issuer FY figure (S6); 1Q25/2Q25 components not stored
B48: Revenue excl. FX effect (EUR m) | C48: =C42+C47 -> 3987 | D48: =D42+D47 -> 4226 | E48: =E42+E47 -> 4362 | F48: =F42+F47 -> 4353 | G48: =G42+G47 -> 15893 | H48: =H19*C29*(1+H32)*H28 -> 4427.9103 | I48: 3Q26E = avg subs × 3Q25 derived ARPU × (1 + cc ARPU growth) × 3
B49: Constant-currency growth (FXN) | C49: =C48/Inputs!C111-1 -> 0.12946176 | D49: =D48/Inputs!D111-1 -> 0.13571621 | E49: =E48/Inputs!E111-1 -> 0.15305313 | F49: =F48/Inputs!F111-1 -> 0.1598721 | G49: =G48/Inputs!G111-1 -> 0.14544144 | H49: =H48/C42-1 -> 0.15460503 | I49: Constant-currency growth (issuer FXN basis); 3Q25/4Q25/FY25 approximate (mixed recast, see I47)
B50: FX impact on Y/Y growth (Y/Y − cc) | C50: =C53-C49 -> -0.04305949 | D50: =D53-D49 -> -0.055361462 | E50: =E53-E49 -> -0.056568861 | F50: =F53-F49 -> -0.0058619771 | G50: =G53-G49 -> -0.03618018 | H50: 0.018 | I50: 3Q26E: guidance ~+200 bps at 2Q26-close rates, trimmed for EUR/USD avg ~1.149 vs 1.142 (S3, S13)
B51: M&A / scope impact | C51: n.a. | D51: n.a. | E51: n.a. | F51: n.a. | G51: n.a. | H51: n.a. | I51: Not disclosed — unavailable, not zero
B52: Organic growth | C52: n.a. | D52: n.a. | E52: n.a. | F52: n.a. | G52: n.a. | H52: n.a. | I52: Unavailable because M&A/scope not disclosed
B53: Total Y/Y (reported) | C53: =C42/Inputs!C111-1 -> 0.086402266 | D53: =D42/Inputs!D111-1 -> 0.080354743 | E53: =E42/Inputs!E111-1 -> 0.096484272 | F53: =F42/Inputs!F111-1 -> 0.15401013 | G53: =G42/Inputs!G111-1 -> 0.10926126 | H53: =H42/C42-1 -> 0.17260503
B55: Premium gross profit (EUR m)
B56: Premium cost of revenue | C56: 2561 | D56: 2623 | E56: 2703 | F56: 2820 | G56: =Inputs!E114+Inputs!F114+C56+D56 -> 10207 | H56: =H42-H58 -> 2945.4959 | I56: S5 appendix, S4 segment note
B57: % Y/Y | C57: =IFERROR(IF(Inputs!C114<=0,"n.m.",C56/Inputs!C114-1),"n.a.") -> 0.091645354 | D57: =IFERROR(IF(Inputs!D114<=0,"n.m.",D56/Inputs!D114-1),"n.a.") -> 0.081649485 | E57: =IFERROR(IF(Inputs!E114<=0,"n.m.",E56/Inputs!E114-1),"n.a.") -> 0.075178998 | F57: =IFERROR(IF(Inputs!F114<=0,"n.m.",F56/Inputs!F114-1),"n.a.") -> 0.12395377 | G57: =IFERROR(IF(Inputs!G114<=0,"n.m.",G56/Inputs!G114-1),"n.a.") -> 0.091424294 | H57: =IFERROR(IF(C56<=0,"n.m.",H56/C56-1),"n.a.") -> 0.15013506
B58: Premium gross profit | C58: =C42-C56 -> 1274 | D58: =D42-D56 -> 1397 | E58: =E42-E56 -> 1445 | F58: =F42-F56 -> 1511 | G58: =G42-G56 -> 5184 | H58: =H42*H60 -> 1551.4444
B59: % Y/Y | C59: =IFERROR(IF(Inputs!C118<=0,"n.m.",C58/Inputs!C118-1),"n.a.") -> 0.076013514 | D59: =IFERROR(IF(Inputs!D118<=0,"n.m.",D58/Inputs!D118-1),"n.a.") -> 0.077932099 | E59: =IFERROR(IF(Inputs!E118<=0,"n.m.",E58/Inputs!E118-1),"n.a.") -> 0.13869188 | F59: =IFERROR(IF(Inputs!F118<=0,"n.m.",F58/Inputs!F118-1),"n.a.") -> 0.21463023 | G59: =IFERROR(IF(Inputs!G118<=0,"n.m.",G58/Inputs!G118-1),"n.a.") -> 0.14614194 | H59: =IFERROR(IF(C58<=0,"n.m.",H58/C58-1),"n.a.") -> 0.21777425
B60: Premium gross margin | C60: =C58/C42 -> 0.33220339 | D60: =D58/D42 -> 0.34751244 | E60: =E58/E42 -> 0.34836066 | F60: =F58/F42 -> 0.34888017 | G60: =G58/G42 -> 0.33682022 | H60: 0.345 | I60: 3Q26E: +130 bps Y/Y, below 2Q26 34.9% for Q3 regulatory-fee charge (S10)
B61: Y/Y chg (bps) | C61: =IFERROR((C60-Inputs!C121)*10000,"n.a.") -> -32.07375 | D61: =IFERROR((D60-Inputs!D121)*10000,"n.a.") -> -7.8103169 | E61: =IFERROR((E60-Inputs!E121)*10000,"n.a.") -> 129.12599 | F61: =IFERROR((F60-Inputs!F121)*10000,"n.a.") -> 174.12007 | G61: =IFERROR((G60-Inputs!G121)*10000,"n.a.") -> 108.38238 | H61: =IFERROR((H60-C60)*10000,"n.a.") -> 127.9661
B62: Q/Q chg (bps) | C62: =IFERROR((C60-Inputs!F121)*10000,"n.a.") -> 7.3523102 | D62: =IFERROR((D60-C60)*10000,"n.a.") -> 153.09048 | E62: =IFERROR((E60-D60)*10000,"n.a.") -> 8.4821793 | F62: =IFERROR((F60-E60)*10000,"n.a.") -> 5.1951051 | G62: n.a. | H62: =IFERROR((H60-F60)*10000,"n.a.") -> -38.801662

Sheet Segment - Ad-Supported
B2: Spotify Technology S.A. (NYSE: SPOT)
B3: Segment - Ad-Supported
B4: EUR millions, except per share; users in millions
B5: Period | C5: 3Q25A | D5: 4Q25A | E5: 1Q26A | F5: 2Q26A | G5: FY25A | H5: 3Q26E | I5: Notes
B6: Period end | C6: 45930 | D6: 46022 | E6: 46112 | F6: 46203 | G6: 46022 | H6: 46295
B7: Days in period | C7: =C6-EOMONTH(C6,-3) -> 92 | D7: =D6-EOMONTH(D6,-3) -> 92 | E7: =E6-EOMONTH(E6,-3) -> 90 | F7: =F6-EOMONTH(F6,-3) -> 91 | G7: =G6-DATE(YEAR(G6)-1,12,31) -> 365 | H7: =H6-EOMONTH(H6,-3) -> 92
B9: Total Monthly Active Users (millions)
B10: Opening MAUs | C10: =Inputs!F156 -> 696 | D10: =C16 -> 713 | E10: =D16 -> 751 | F10: =E16 -> 761 | G10: =Inputs!D156 -> 675 | H10: =F16 -> 777
B11: Gross additions | C11: n.a. | D11: n.a. | E11: n.a. | F11: n.a. | G11: n.a. | H11: n.a. | I11: Not disclosed
B12: Churned users | C12: n.a. | D12: n.a. | E12: n.a. | F12: n.a. | G12: n.a. | H12: n.a. | I12: Not disclosed
B13: Net additions | C13: =C16-C10 -> 17 | D13: =D16-D10 -> 38 | E13: =E16-E10 -> 10 | F13: =F16-F10 -> 16 | G13: =G16-G10 -> 76 | H13: =Guidance!G42-F16 -> 11 | I13: 3Q26E = guidance 788m less 2Q26 close (Guidance tab; S3)
B14: Net adds — Y/Y chg (m) | C14: =C13-Inputs!C159 -> 3 | D14: =D13-Inputs!D159 -> 3 | E14: =E13-Inputs!E159 -> 7 | F14: =F13-Inputs!F159 -> -2 | G14: =G13-Inputs!G159 -> 3 | H14: =H13-C13 -> -6
B15: Net adds — Q/Q chg (m) | C15: =C13-Inputs!F159 -> -1 | D15: =D13-C13 -> 21 | E15: =E13-D13 -> -28 | F15: =F13-E13 -> 6 | G15: n.a. | H15: =H13-F13 -> -5
B16: Closing MAUs | C16: 713 | D16: 751 | E16: 761 | F16: 777 | G16: =D16 -> 751 | H16: =H10+H13 -> 788 | I16: S7, S6, S5, S3
B17: % Y/Y | C17: =IFERROR(IF(Inputs!C156<=0,"n.m.",C16/Inputs!C156-1),"n.a.") -> 0.1140625 | D17: =IFERROR(IF(Inputs!D156<=0,"n.m.",D16/Inputs!D156-1),"n.a.") -> 0.11259259 | E17: =IFERROR(IF(Inputs!E156<=0,"n.m.",E16/Inputs!E156-1),"n.a.") -> 0.12241888 | F17: =IFERROR(IF(Inputs!F156<=0,"n.m.",F16/Inputs!F156-1),"n.a.") -> 0.11637931 | G17: =IFERROR(IF(Inputs!G156<=0,"n.m.",G16/Inputs!G156-1),"n.a.") -> 0.11259259 | H17: =IFERROR(IF(C16<=0,"n.m.",H16/C16-1),"n.a.") -> 0.10518934
B18: Q/Q chg (m) | C18: =C16-Inputs!F156 -> 17 | D18: =D16-C16 -> 38 | E18: =E16-D16 -> 10 | F18: =F16-E16 -> 16 | G18: n.a. | H18: =H16-F16 -> 11
B19: Average MAUs | C19: =(C10+C16)/2 -> 704.5 | D19: =(D10+D16)/2 -> 732 | E19: =(E10+E16)/2 -> 756 | F19: =(F10+F16)/2 -> 769 | G19: =(Inputs!D156+2*Inputs!E156+2*Inputs!F156+2*C16+D16)/8 -> 700 | H19: =(H10+H16)/2 -> 782.5
B20: % Y/Y | C20: =IFERROR(IF(Inputs!C158<=0,"n.m.",C19/Inputs!C158-1),"n.a.") -> 0.11295419 | D20: =IFERROR(IF(Inputs!D158<=0,"n.m.",D19/Inputs!D158-1),"n.a.") -> 0.11330798 | E20: =IFERROR(IF(Inputs!E158<=0,"n.m.",E19/Inputs!E158-1),"n.a.") -> 0.11751663 | F20: =IFERROR(IF(Inputs!F158<=0,"n.m.",F19/Inputs!F158-1),"n.a.") -> 0.11935953 | G20: n.a. | H20: =IFERROR(IF(C19<=0,"n.m.",H19/C19-1),"n.a.") -> 0.11071682
B21: Q/Q chg (m) | C21: =C19-Inputs!F158 -> 17.5 | D21: =D19-C19 -> 27.5 | E21: =E19-D19 -> 24 | F21: =F19-E19 -> 13 | G21: n.a. | H21: =H19-F19 -> 13.5
B23: Ad-Supported MAUs (millions)
B24: Opening Ad-Supported MAUs | C24: =Inputs!F160 -> 433 | D24: =C30 -> 446 | E24: =D30 -> 476 | F24: =E30 -> 483 | G24: =Inputs!D160 -> 425 | H24: =F30 -> 494
B25: Gross additions | C25: n.a. | D25: n.a. | E25: n.a. | F25: n.a. | G25: n.a. | H25: n.a. | I25: Not disclosed
B26: Churned / converted users | C26: n.a. | D26: n.a. | E26: n.a. | F26: n.a. | G26: n.a. | H26: n.a. | I26: Not disclosed
B27: Net additions | C27: =C30-C24 -> 13 | D27: =D30-D24 -> 30 | E27: =E30-E24 -> 7 | F27: =F30-F24 -> 11 | G27: =G30-G24 -> 51 | H27: =H30-H24 -> 6
B28: Net adds — Y/Y chg (m) | C28: =C27-Inputs!C163 -> 4 | D28: =D27-Inputs!D163 -> 7 | E28: =E27-Inputs!E163 -> 9 | F28: =F27-Inputs!F163 -> 1 | G28: =G27-Inputs!G163 -> 5 | H28: =H27-C27 -> -7
B29: Net adds — Q/Q chg (m) | C29: =C27-Inputs!F163 -> 3 | D29: =D27-C27 -> 17 | E29: =E27-D27 -> -23 | F29: =F27-E27 -> 4 | G29: n.a. | H29: =H27-F27 -> -5
B30: Closing Ad-Supported MAUs | C30: 446 | D30: 476 | E30: 483 | F30: 494 | G30: =D30 -> 476 | H30: =H16-'Segment - Premium'!H16+H36 -> 500 | I30: S7, S6, S5, S3; 3Q26E = MAUs − subs + overlap
B31: % Y/Y | C31: =IFERROR(IF(Inputs!C160<=0,"n.m.",C30/Inputs!C160-1),"n.a.") -> 0.10945274 | D31: =IFERROR(IF(Inputs!D160<=0,"n.m.",D30/Inputs!D160-1),"n.a.") -> 0.12 | E31: =IFERROR(IF(Inputs!E160<=0,"n.m.",E30/Inputs!E160-1),"n.a.") -> 0.14184397 | F31: =IFERROR(IF(Inputs!F160<=0,"n.m.",F30/Inputs!F160-1),"n.a.") -> 0.1408776 | G31: =IFERROR(IF(Inputs!G160<=0,"n.m.",G30/Inputs!G160-1),"n.a.") -> 0.12 | H31: =IFERROR(IF(C30<=0,"n.m.",H30/C30-1),"n.a.") -> 0.12107623
B32: Q/Q chg (m) | C32: =C30-Inputs!F160 -> 13 | D32: =D30-C30 -> 30 | E32: =E30-D30 -> 7 | F32: =F30-E30 -> 11 | G32: n.a. | H32: =H30-F30 -> 6
B33: Average Ad-Supported MAUs | C33: =(C24+C30)/2 -> 439.5 | D33: =(D24+D30)/2 -> 461 | E33: =(E24+E30)/2 -> 479.5 | F33: =(F24+F30)/2 -> 488.5 | G33: =(Inputs!D160+2*Inputs!E160+2*Inputs!F160+2*C30+D30)/8 -> 438.125 | H33: =(H24+H30)/2 -> 497
B34: % Y/Y | C34: =IFERROR(IF(Inputs!C162<=0,"n.m.",C33/Inputs!C162-1),"n.a.") -> 0.10566038 | D34: =IFERROR(IF(Inputs!D162<=0,"n.m.",D33/Inputs!D162-1),"n.a.") -> 0.11487304 | E34: =IFERROR(IF(Inputs!E162<=0,"n.m.",E33/Inputs!E162-1),"n.a.") -> 0.13089623 | F34: =IFERROR(IF(Inputs!F162<=0,"n.m.",F33/Inputs!F162-1),"n.a.") -> 0.14135514 | G34: n.a. | H34: =IFERROR(IF(C33<=0,"n.m.",H33/C33-1),"n.a.") -> 0.13083049
B35: Q/Q chg (m) | C35: =C33-Inputs!F162 -> 11.5 | D35: =D33-C33 -> 21.5 | E35: =E33-D33 -> 18.5 | F35: =F33-E33 -> 9 | G35: n.a. | H35: =H33-F33 -> 8.5
B36: Overlap: subs + Ad MAUs − total MAUs | C36: ='Segment - Premium'!C16+C30-C16 -> 14 | D36: ='Segment - Premium'!D16+D30-D16 -> 15 | E36: ='Segment - Premium'!E16+E30-E16 -> 15 | F36: ='Segment - Premium'!F16+F30-F16 -> 17 | G36: ='Segment - Premium'!G16+G30-G16 -> 15 | H36: =F36 -> 17 | I36: 3Q26E held at 2Q26 level (assumption)
B37: Y/Y chg (m) | C37: =C36-Inputs!C165 -> 0 | D37: =D36-Inputs!D165 -> 2 | E37: =E36-Inputs!E165 -> 2 | F37: =F36-Inputs!F165 -> 4 | G37: =G36-Inputs!G165 -> 2 | H37: =H36-C36 -> 3
B38: Q/Q chg (m) | C38: =C36-Inputs!F165 -> 1 | D38: =D36-C36 -> 1 | E38: =E36-D36 -> 0 | F38: =F36-E36 -> 2 | G38: n.a. | H38: =H36-F36 -> 0
B39: Ad MAUs % of total MAUs | C39: =C30/C16 -> 0.62552595 | D39: =D30/D16 -> 0.63382157 | E39: =E30/E16 -> 0.6346912 | F39: =F30/F16 -> 0.63577864 | G39: =G30/G16 -> 0.63382157 | H39: =H30/H16 -> 0.63451777
B40: Y/Y chg (bps) | C40: =IFERROR((C39-Inputs!C167)*10000,"n.a.") -> -25.990533 | D40: =IFERROR((D39-Inputs!D167)*10000,"n.a.") -> 41.919416 | E40: =IFERROR((E39-Inputs!E167)*10000,"n.a.") -> 107.9739 | F40: =IFERROR((F39-Inputs!F167)*10000,"n.a.") -> 136.52199 | G40: =IFERROR((G39-Inputs!G167)*10000,"n.a.") -> 41.919416 | H40: =IFERROR((H39-C39)*10000,"n.a.") -> 89.918198
B41: Q/Q chg (bps) | C41: =IFERROR((C39-Inputs!F167)*10000,"n.a.") -> 33.995099 | D41: =IFERROR((D39-C39)*10000,"n.a.") -> 82.956245 | E41: =IFERROR((E39-D39)*10000,"n.a.") -> 8.6962456 | F41: =IFERROR((F39-E39)*10000,"n.a.") -> 10.8744 | G41: n.a. | H41: =IFERROR((H39-F39)*10000,"n.a.") -> -12.608693
B43: Ad monetization
B44: Ad rev per avg Ad MAU (EUR/period) | C44: =C52/C33 -> 0.99431172 | D44: =D52/D33 -> 1.1084599 | E44: =E52/E33 -> 0.80291971 | F44: =F52/F33 -> 0.91299898 | G44: =G52/G33 -> 4.0970043 | H44: =H52/H33 -> 0.94948566 | I44: EUR per quarter in C:F and H; FY25 G44 is EUR per year (divide by 4 for a quarterly equivalent) — not comparable to the quarterly columns
B45: % Y/Y | C45: =IFERROR(IF(Inputs!C164<=0,"n.m.",C44/Inputs!C164-1),"n.a.") -> -0.13703295 | D45: =IFERROR(IF(Inputs!D164<=0,"n.m.",D44/Inputs!D164-1),"n.a.") -> -0.12025306 | E45: =IFERROR(IF(Inputs!E164<=0,"n.m.",E44/Inputs!E164-1),"n.a.") -> -0.16354311 | F45: =IFERROR(IF(Inputs!F164<=0,"n.m.",F44/Inputs!F164-1),"n.a.") -> -0.111901 | G45: n.a. | H45: =IFERROR(IF(C44<=0,"n.m.",H44/C44-1),"n.a.") -> -0.045082495
B46: Q/Q chg (EUR) | C46: =C44-Inputs!F164 -> -0.033725665 | D46: =D44-C44 -> 0.11414815 | E46: =E44-D44 -> -0.30554016 | F46: =F44-E44 -> 0.11007927 | G46: n.a. | H46: =H44-F44 -> 0.036486688
B47: Assumed cc Y/Y chg, rev per Ad MAU | C47: n.a. | D47: n.a. | E47: n.a. | F47: n.a. | G47: n.a. | H47: -0.061 | I47: Constant-currency; Ad MAUs +13% Y/Y vs ad revenue cc +3% in 1H26; partial 2H inflection to ~+6% cc (S10, S14, S15)
B48: Automated channels % of ad revenue | C48: n.a. | D48: n.a. | E48: 0.3 | F48: 0.4 | G48: n.a. | H48: n.a. | I48: S10 (2Q26 call)
B49: Q/Q chg (bps) | C49: n.a. | D49: =IFERROR((D48-C48)*10000,"n.a.") -> n.a. | E49: =IFERROR((E48-D48)*10000,"n.a.") -> n.a. | F49: =IFERROR((F48-E48)*10000,"n.a.") -> 1000 | G49: n.a. | H49: =IFERROR((H48-F48)*10000,"n.a.") -> n.a.
B51: Ad-Supported revenue (EUR m)
B52: Ad-Supported revenue | C52: 437 | D52: 511 | E52: 385 | F52: 446 | G52: =Inputs!E112+Inputs!F112+C52+D52 -> 1795 | H52: =H58+H60*C52 -> 471.89438 | I52: 2026 segment basis (S5 appendix, S3); 3Q26E = revenue excl. FX + FX impact × 3Q25 revenue
B53: % Y/Y | C53: =IFERROR(IF(Inputs!C112<=0,"n.m.",C52/Inputs!C112-1),"n.a.") -> -0.045851528 | D53: =IFERROR(IF(Inputs!D112<=0,"n.m.",D52/Inputs!D112-1),"n.a.") -> -0.019193858 | E53: =IFERROR(IF(Inputs!E112<=0,"n.m.",E52/Inputs!E112-1),"n.a.") -> -0.054054054 | F53: =IFERROR(IF(Inputs!F112<=0,"n.m.",F52/Inputs!F112-1),"n.a.") -> 0.013636364 | G53: =IFERROR(IF(Inputs!G112<=0,"n.m.",G52/Inputs!G112-1),"n.a.") -> -0.0016685206 | H53: =IFERROR(IF(C52<=0,"n.m.",H52/C52-1),"n.a.") -> 0.079849829
B54: Q/Q chg (EUR m) | C54: =C52-Inputs!F112 -> -3 | D54: =D52-C52 -> 74 | E54: =E52-D52 -> -126 | F54: =F52-E52 -> 61 | G54: n.a. | H54: =H52-F52 -> 25.894375
B55: % Q/Q | C55: =IFERROR(IF(Inputs!F112<=0,"n.m.",C52/Inputs!F112-1),"n.a.") -> -0.0068181818 | D55: =IFERROR(IF(C52<=0,"n.m.",D52/C52-1),"n.a.") -> 0.16933638 | E55: =IFERROR(IF(D52<=0,"n.m.",E52/D52-1),"n.a.") -> -0.24657534 | F55: =IFERROR(IF(E52<=0,"n.m.",F52/E52-1),"n.a.") -> 0.15844156 | G55: n.a. | H55: =IFERROR(IF(F52<=0,"n.m.",H52/F52-1),"n.a.") -> 0.058059138
B56: % of total revenue | C56: =C52/'Revenue summary'!C28 -> 0.10229401 | D56: =D52/'Revenue summary'!D28 -> 0.11277864 | E56: =E52/'Revenue summary'!E28 -> 0.084932716 | F56: =F52/'Revenue summary'!F28 -> 0.093364036 | G56: =G52/'Revenue summary'!G28 -> 0.10444548 | H56: =H52/'Revenue summary'!H28 -> 0.094970835
B57: FX effect, EUR m (+ = headwind) | C57: 26 | D57: 42 | E57: 36 | F57: 8 | G57: 83 | H57: =H58-H52 -> -7.866 | I57: Issuer FXN reconciliations (S7, S6, S5, S3). 3Q25/4Q25/FY25 FX effects come from pre-2026-segment-basis releases but are applied to 2026-basis (recast) revenue — mixed-recast approximation. FY25 G57 = issuer FY figure (S6); 1Q25/2Q25 components not stored
B58: Revenue excl. FX effect (EUR m) | C58: =C52+C57 -> 463 | D58: =D52+D57 -> 553 | E58: =E52+E57 -> 421 | F58: =F52+F57 -> 454 | G58: =G52+G57 -> 1878 | H58: =H33*C44*(1+H47) -> 464.02838 | I58: 3Q26E = avg Ad MAUs × 3Q25 rev per Ad MAU × (1 + cc change)
B59: Constant-currency growth (FXN) | C59: =C58/Inputs!C112-1 -> 0.010917031 | D59: =D58/Inputs!D112-1 -> 0.061420345 | E59: =E58/Inputs!E112-1 -> 0.034398034 | F59: =F58/Inputs!F112-1 -> 0.031818182 | G59: =G58/Inputs!G112-1 -> 0.044493882 | H59: =H58/C52-1 -> 0.061849829 | I59: Constant-currency growth (issuer FXN basis); 3Q25/4Q25/FY25 approximate (mixed recast, see I57)
B60: FX impact on Y/Y growth (Y/Y − cc) | C60: =C63-C59 -> -0.056768559 | D60: =D63-D59 -> -0.080614203 | E60: =E63-E59 -> -0.088452088 | F60: =F63-F59 -> -0.018181818 | G60: =G63-G59 -> -0.046162403 | H60: ='Segment - Premium'!H50 -> 0.018 | I60: 3Q26E: same FX assumption as Premium
B61: M&A / scope impact | C61: n.a. | D61: n.a. | E61: n.a. | F61: n.a. | G61: n.a. | H61: n.a. | I61: Not disclosed — unavailable, not zero
B62: Organic growth | C62: n.a. | D62: n.a. | E62: n.a. | F62: n.a. | G62: n.a. | H62: n.a. | I62: Unavailable because M&A/scope not disclosed
B63: Total Y/Y (reported) | C63: =C52/Inputs!C112-1 -> -0.045851528 | D63: =D52/Inputs!D112-1 -> -0.019193858 | E63: =E52/Inputs!E112-1 -> -0.054054054 | F63: =F52/Inputs!F112-1 -> 0.013636364 | G63: =G52/Inputs!G112-1 -> -0.0016685206 | H63: =H52/C52-1 -> 0.079849829
B65: Ad-Supported gross profit (EUR m)
B66: Ad-Supported cost of revenue | C66: 360 | D66: 409 | E66: 335 | F66: 361 | G66: =Inputs!E115+Inputs!F115+C66+D66 -> 1483 | H66: =H52-H68 -> 382.23444 | I66: S5 appendix, S4
B67: % Y/Y | C67: =IFERROR(IF(Inputs!C115<=0,"n.m.",C66/Inputs!C115-1),"n.a.") -> -0.10447761 | D67: =IFERROR(IF(Inputs!D115<=0,"n.m.",D66/Inputs!D115-1),"n.a.") -> -0.08908686 | E67: =IFERROR(IF(Inputs!E115<=0,"n.m.",E66/Inputs!E115-1),"n.a.") -> -0.042857143 | F67: =IFERROR(IF(Inputs!F115<=0,"n.m.",F66/Inputs!F115-1),"n.a.") -> -0.0082417582 | G67: =IFERROR(IF(Inputs!G115<=0,"n.m.",G66/Inputs!G115-1),"n.a.") -> -0.071383845 | H67: =IFERROR(IF(C66<=0,"n.m.",H66/C66-1),"n.a.") -> 0.061762345
B68: Ad-Supported gross profit | C68: =C52-C66 -> 77 | D68: =D52-D66 -> 102 | E68: =E52-E66 -> 50 | F68: =F52-F66 -> 85 | G68: =G52-G66 -> 312 | H68: =H52*H70 -> 89.659931
B69: % Y/Y | C69: =IFERROR(IF(Inputs!C119<=0,"n.m.",C68/Inputs!C119-1),"n.a.") -> 0.375 | D69: =IFERROR(IF(Inputs!D119<=0,"n.m.",D68/Inputs!D119-1),"n.a.") -> 0.41666667 | E69: =IFERROR(IF(Inputs!E119<=0,"n.m.",E68/Inputs!E119-1),"n.a.") -> -0.12280702 | F69: =IFERROR(IF(Inputs!F119<=0,"n.m.",F68/Inputs!F119-1),"n.a.") -> 0.11842105 | G69: =IFERROR(IF(Inputs!G119<=0,"n.m.",G68/Inputs!G119-1),"n.a.") -> 0.55223881 | H69: =IFERROR(IF(C68<=0,"n.m.",H68/C68-1),"n.a.") -> 0.16441469
B70: Ad-Supported gross margin | C70: =C68/C52 -> 0.17620137 | D70: =D68/D52 -> 0.19960861 | E70: =E68/E52 -> 0.12987013 | F70: =F68/F52 -> 0.19058296 | G70: =G68/G52 -> 0.17381616 | H70: 0.19 | I70: 3Q26E: 2Q26 19.1% with podcast/tax gains (S3)
B71: Y/Y chg (bps) | C71: =IFERROR((C70-Inputs!C122)*10000,"n.a.") -> 539.30631 | D71: =IFERROR((D70-Inputs!D122)*10000,"n.a.") -> 614.12833 | E71: =IFERROR((E70-Inputs!E122)*10000,"n.a.") -> -101.7901 | F71: =IFERROR((F70-Inputs!F122)*10000,"n.a.") -> 178.55687 | G71: =IFERROR((G70-Inputs!G122)*10000,"n.a.") -> 620.25277 | H71: =IFERROR((H70-C70)*10000,"n.a.") -> 137.98627
B72: Q/Q chg (bps) | C72: =IFERROR((C70-Inputs!F122)*10000,"n.a.") -> 34.741003 | D72: =IFERROR((D70-C70)*10000,"n.a.") -> 234.07238 | E72: =IFERROR((E70-D70)*10000,"n.a.") -> -697.38481 | F72: =IFERROR((F70-E70)*10000,"n.a.") -> 607.1283 | G72: n.a. | H72: =IFERROR((H70-F70)*10000,"n.a.") -> -5.8295964

Sheet Income Statement
B2: Spotify Technology S.A. (NYSE: SPOT)
B3: Income Statement (IFRS)
B4: EUR millions, except per share; shares in millions
B5: Period | C5: 3Q25A | D5: 4Q25A | E5: 1Q26A | F5: 2Q26A | G5: FY25A | H5: 3Q26E | I5: Notes
B6: Period end | C6: 45930 | D6: 46022 | E6: 46112 | F6: 46203 | G6: 46022 | H6: 46295
B7: Days in period | C7: =C6-EOMONTH(C6,-3) -> 92 | D7: =D6-EOMONTH(D6,-3) -> 92 | E7: =E6-EOMONTH(E6,-3) -> 90 | F7: =F6-EOMONTH(F6,-3) -> 91 | G7: =G6-DATE(YEAR(G6)-1,12,31) -> 365 | H7: =H6-EOMONTH(H6,-3) -> 92
B9: Income statement (IFRS)
B10: Revenue | C10: 4272 | D10: 4531 | E10: 4533 | F10: 4777 | G10: =Inputs!E110+Inputs!F110+C10+D10 -> 17186 | H10: ='Revenue summary'!H28 -> 4968.8347 | I10: S7, S6, S5, S3; FY25 = sum of quarters (S9: 17,186)
B11: % Y/Y | C11: =IFERROR(IF(Inputs!C110<=0,"n.m.",C10/Inputs!C110-1),"n.a.") -> 0.071213641 | D11: =IFERROR(IF(Inputs!D110<=0,"n.m.",D10/Inputs!D110-1),"n.a.") -> 0.068128241 | E11: =IFERROR(IF(Inputs!E110<=0,"n.m.",E10/Inputs!E110-1),"n.a.") -> 0.081861575 | F11: =IFERROR(IF(Inputs!F110<=0,"n.m.",F10/Inputs!F110-1),"n.a.") -> 0.13927975 | G11: =IFERROR(IF(Inputs!G110<=0,"n.m.",G10/Inputs!G110-1),"n.a.") -> 0.096535443 | H11: =IFERROR(IF(C10<=0,"n.m.",H10/C10-1),"n.a.") -> 0.16311673
B12: % Q/Q | C12: =IFERROR(IF(Inputs!F110<=0,"n.m.",C10/Inputs!F110-1),"n.a.") -> 0.018840925 | D12: =IFERROR(IF(C10<=0,"n.m.",D10/C10-1),"n.a.") -> 0.060627341 | E12: =IFERROR(IF(D10<=0,"n.m.",E10/D10-1),"n.a.") -> 0.00044140366 | F12: =IFERROR(IF(E10<=0,"n.m.",F10/E10-1),"n.a.") -> 0.053827487 | G12: n.a. | H12: =IFERROR(IF(F10<=0,"n.m.",H10/F10-1),"n.a.") -> 0.040157976
B13: Cost of revenue | C13: 2921 | D13: 3032 | E13: 3038 | F13: 3181 | G13: =Inputs!E116+Inputs!F116+C13+D13 -> 11690 | H13: =H10-H15 -> 3327.7303
B14: % Y/Y | C14: =IFERROR(IF(Inputs!C116<=0,"n.m.",C13/Inputs!C116-1),"n.a.") -> 0.062954876 | D14: =IFERROR(IF(Inputs!D116<=0,"n.m.",D13/Inputs!D116-1),"n.a.") -> 0.054975644 | E14: =IFERROR(IF(Inputs!E116<=0,"n.m.",E13/Inputs!E116-1),"n.a.") -> 0.06075419 | F14: =IFERROR(IF(Inputs!F116<=0,"n.m.",F13/Inputs!F116-1),"n.a.") -> 0.10720501 | G14: =IFERROR(IF(Inputs!G116<=0,"n.m.",G13/Inputs!G116-1),"n.a.") -> 0.067677413 | H14: =IFERROR(IF(C13<=0,"n.m.",H13/C13-1),"n.a.") -> 0.13924352
B15: Gross profit | C15: =C10-C13 -> 1351 | D15: =D10-D13 -> 1499 | E15: =E10-E13 -> 1495 | F15: =F10-F13 -> 1596 | G15: =G10-G13 -> 5496 | H15: ='Segment - Premium'!H58+'Segment - Ad-Supported'!H68 -> 1641.1043
B16: % Y/Y | C16: =IFERROR(IF(Inputs!C117<=0,"n.m.",C15/Inputs!C117-1),"n.a.") -> 0.089516129 | D16: =IFERROR(IF(Inputs!D117<=0,"n.m.",D15/Inputs!D117-1),"n.a.") -> 0.095760234 | E16: =IFERROR(IF(Inputs!E117<=0,"n.m.",E15/Inputs!E117-1),"n.a.") -> 0.12745098 | F16: =IFERROR(IF(Inputs!F117<=0,"n.m.",F15/Inputs!F117-1),"n.a.") -> 0.20909091 | G16: =IFERROR(IF(Inputs!G117<=0,"n.m.",G15/Inputs!G117-1),"n.a.") -> 0.16342083 | H16: =IFERROR(IF(C15<=0,"n.m.",H15/C15-1),"n.a.") -> 0.21473303
B17: Gross margin | C17: =C15/C10 -> 0.31624532 | D17: =D15/D10 -> 0.33083205 | E17: =E15/E10 -> 0.32980366 | F17: =F15/F10 -> 0.3341009 | G17: =G15/G10 -> 0.31979518 | H17: =H15/H10 -> 0.33027952
B18: Y/Y chg (bps) | C18: =IFERROR((C17-Inputs!C120)*10000,"n.a.") -> 53.1252 | D18: =IFERROR((D17-Inputs!D120)*10000,"n.a.") -> 83.426541 | E18: =IFERROR((E17-Inputs!E120)*10000,"n.a.") -> 133.35882 | F18: =IFERROR((F17-Inputs!F120)*10000,"n.a.") -> 192.90502 | G18: =IFERROR((G17-Inputs!G120)*10000,"n.a.") -> 183.85114 | H18: =IFERROR((H17-C17)*10000,"n.a.") -> 140.34202
B19: Q/Q chg (bps) | C19: =IFERROR((C17-Inputs!F120)*10000,"n.a.") -> 14.349201 | D19: =IFERROR((D17-C17)*10000,"n.a.") -> 145.86728 | E19: =IFERROR((E17-D17)*10000,"n.a.") -> -10.283839 | F19: =IFERROR((F17-E17)*10000,"n.a.") -> 42.972381 | G19: n.a. | H19: =IFERROR((H17-F17)*10000,"n.a.") -> -38.213796
B20: Check: segment GP − gross profit | C20: =ROUND('Segment - Premium'!C58+'Segment - Ad-Supported'!C68-C15,6) -> 0 | D20: =ROUND('Segment - Premium'!D58+'Segment - Ad-Supported'!D68-D15,6) -> 0 | E20: =ROUND('Segment - Premium'!E58+'Segment - Ad-Supported'!E68-E15,6) -> 0 | F20: =ROUND('Segment - Premium'!F58+'Segment - Ad-Supported'!F68-F15,6) -> 0 | G20: =ROUND('Segment - Premium'!G58+'Segment - Ad-Supported'!G68-G15,6) -> 0 | H20: =ROUND('Segment - Premium'!H58+'Segment - Ad-Supported'!H68-H15,6) -> 0 | I20: Check: segment gross profit − gross profit
B21: Research and development | C21: 309 | D21: 290 | E21: 331 | F21: 403 | G21: =Inputs!E123+Inputs!F123+C21+D21 -> 1393 | H21: =H99+H91*H101 -> 416.41813
B22: % Y/Y | C22: =IFERROR(IF(Inputs!C123<=0,"n.m.",C21/Inputs!C123-1),"n.a.") -> -0.096491228 | D22: =IFERROR(IF(Inputs!D123<=0,"n.m.",D21/Inputs!D123-1),"n.a.") -> -0.2287234 | E22: =IFERROR(IF(Inputs!E123<=0,"n.m.",E21/Inputs!E123-1),"n.a.") -> -0.12664908 | F22: =IFERROR(IF(Inputs!F123<=0,"n.m.",F21/Inputs!F123-1),"n.a.") -> -0.028915663 | G22: =IFERROR(IF(Inputs!G123<=0,"n.m.",G21/Inputs!G123-1),"n.a.") -> -0.062584118 | H22: =IFERROR(IF(C21<=0,"n.m.",H21/C21-1),"n.a.") -> 0.3476315
B23: % of revenue | C23: =C21/C10 -> 0.072331461 | D23: =D21/D10 -> 0.064003531 | E23: =E21/E10 -> 0.073020075 | F23: =F21/F10 -> 0.084362571 | G23: =G21/G10 -> 0.081054347 | H23: =H21/H10 -> 0.083805995
B24: Y/Y chg (bps) | C24: =IFERROR((C23-Inputs!C129)*10000,"n.a.") -> -134.25811 | D24: =IFERROR((D23-Inputs!D129)*10000,"n.a.") -> -246.33904 | E24: =IFERROR((E23-Inputs!E129)*10000,"n.a.") -> -174.33386 | F24: =IFERROR((F23-Inputs!F129)*10000,"n.a.") -> -146.11911 | G24: =IFERROR((G23-Inputs!G129)*10000,"n.a.") -> -137.58389 | H24: =IFERROR((H23-C23)*10000,"n.a.") -> 114.74535
B25: Q/Q chg (bps) | C25: =IFERROR((C23-Inputs!F129)*10000,"n.a.") -> -266.43021 | D25: =IFERROR((D23-C23)*10000,"n.a.") -> -83.279294 | E25: =IFERROR((E23-D23)*10000,"n.a.") -> 90.165438 | F25: =IFERROR((F23-E23)*10000,"n.a.") -> 113.42496 | G25: n.a. | H25: =IFERROR((H23-F23)*10000,"n.a.") -> -5.5657523
B26: Sales and marketing | C26: 349 | D26: 399 | E26: 342 | F26: 390 | G26: =Inputs!E124+Inputs!F124+C26+D26 -> 1426 | H26: =H102+H91*H104 -> 404.93529
B27: % Y/Y | C27: =IFERROR(IF(Inputs!C124<=0,"n.m.",C26/Inputs!C124-1),"n.a.") -> 0.051204819 | D27: =IFERROR(IF(Inputs!D124<=0,"n.m.",D26/Inputs!D124-1),"n.a.") -> 0.015267176 | E27: =IFERROR(IF(Inputs!E124<=0,"n.m.",E26/Inputs!E124-1),"n.a.") -> 0.089171975 | F27: =IFERROR(IF(Inputs!F124<=0,"n.m.",F26/Inputs!F124-1),"n.a.") -> 0.071428571 | G27: =IFERROR(IF(Inputs!G124<=0,"n.m.",G26/Inputs!G124-1),"n.a.") -> 0.024425287 | H27: =IFERROR(IF(C26<=0,"n.m.",H26/C26-1),"n.a.") -> 0.16027304
B28: % of revenue | C28: =C26/C10 -> 0.081694757 | D28: =D26/D10 -> 0.088060031 | E28: =E26/E10 -> 0.075446724 | F28: =F26/F10 -> 0.081641197 | G28: =G26/G10 -> 0.082974514 | H28: =H26/H10 -> 0.081495022
B29: Y/Y chg (bps) | C29: =IFERROR((C28-Inputs!C130)*10000,"n.a.") -> -15.549927 | D29: =IFERROR((D28-Inputs!D130)*10000,"n.a.") -> -45.849479 | E29: =IFERROR((E28-Inputs!E130)*10000,"n.a.") -> 5.0638989 | F29: =IFERROR((F28-Inputs!F130)*10000,"n.a.") -> -51.701548 | G29: =IFERROR((G28-Inputs!G130)*10000,"n.a.") -> -58.406457 | H29: =IFERROR((H28-C28)*10000,"n.a.") -> -1.9973419
B30: Q/Q chg (bps) | C30: =IFERROR((C28-Inputs!F130)*10000,"n.a.") -> -51.165957 | D30: =IFERROR((D28-C28)*10000,"n.a.") -> 63.652743 | E30: =IFERROR((E28-D28)*10000,"n.a.") -> -126.13307 | F30: =IFERROR((F28-E28)*10000,"n.a.") -> 61.944734 | G30: n.a. | H30: =IFERROR((H28-F28)*10000,"n.a.") -> -1.4617504
B31: General and administrative | C31: 111 | D31: 109 | E31: 107 | F31: 148 | G31: =Inputs!E125+Inputs!F125+C31+D31 -> 479 | H31: =H105+H91*H107 -> 151.44775
B32: % Y/Y | C32: =IFERROR(IF(Inputs!C125<=0,"n.m.",C31/Inputs!C125-1),"n.a.") -> -0.0089285714 | D32: =IFERROR(IF(Inputs!D125<=0,"n.m.",D31/Inputs!D125-1),"n.a.") -> -0.10655738 | E32: =IFERROR(IF(Inputs!E125<=0,"n.m.",E31/Inputs!E125-1),"n.a.") -> -0.13709677 | F32: =IFERROR(IF(Inputs!F125<=0,"n.m.",F31/Inputs!F125-1),"n.a.") -> 0.096296296 | G32: =IFERROR(IF(Inputs!G125<=0,"n.m.",G31/Inputs!G125-1),"n.a.") -> -0.0041580042 | H32: =IFERROR(IF(C31<=0,"n.m.",H31/C31-1),"n.a.") -> 0.36439416
B33: % of revenue | C33: =C31/C10 -> 0.025983146 | D33: =D31/D10 -> 0.0240565 | E33: =E31/E10 -> 0.023604677 | F33: =F31/F10 -> 0.030981788 | G33: =G31/G10 -> 0.027871523 | H33: =H31/H10 -> 0.030479531
B34: Y/Y chg (bps) | C34: =IFERROR((C33-Inputs!C131)*10000,"n.a.") -> -21.011067 | D34: =IFERROR((D33-Inputs!D131)*10000,"n.a.") -> -47.035192 | E34: =IFERROR((E33-Inputs!E131)*10000,"n.a.") -> -59.895953 | F34: =IFERROR((F33-Inputs!F131)*10000,"n.a.") -> -12.147303 | G34: =IFERROR((G33-Inputs!G131)*10000,"n.a.") -> -28.181978 | H34: =IFERROR((H33-C33)*10000,"n.a.") -> 44.963853
B35: Q/Q chg (bps) | C35: =IFERROR((C33-Inputs!F131)*10000,"n.a.") -> -62.133719 | D35: =IFERROR((D33-C33)*10000,"n.a.") -> -19.266464 | E35: =IFERROR((E33-D33)*10000,"n.a.") -> -4.5182285 | F35: =IFERROR((F33-E33)*10000,"n.a.") -> 73.771109 | G35: n.a. | H35: =IFERROR((H33-F33)*10000,"n.a.") -> -5.022564
B36: Total operating expenses | C36: =SUM(C21,C26,C31) -> 769 | D36: =SUM(D21,D26,D31) -> 798 | E36: =SUM(E21,E26,E31) -> 780 | F36: =SUM(F21,F26,F31) -> 941 | G36: =SUM(G21,G26,G31) -> 3298 | H36: =SUM(H21,H26,H31) -> 972.80118
B37: % Y/Y | C37: =IFERROR(IF(Inputs!C126<=0,"n.m.",C36/Inputs!C126-1),"n.a.") -> -0.021628499 | D37: =IFERROR(IF(Inputs!D126<=0,"n.m.",D36/Inputs!D126-1),"n.a.") -> -0.1043771 | E37: =IFERROR(IF(Inputs!E126<=0,"n.m.",E36/Inputs!E126-1),"n.a.") -> -0.045287638 | F37: =IFERROR(IF(Inputs!F126<=0,"n.m.",F36/Inputs!F126-1),"n.a.") -> 0.029540481 | G37: =IFERROR(IF(Inputs!G126<=0,"n.m.",G36/Inputs!G126-1),"n.a.") -> -0.018160167 | H37: =IFERROR(IF(C36<=0,"n.m.",H36/C36-1),"n.a.") -> 0.26502104
B38: Opex % of revenue | C38: =C36/C10 -> 0.18000936 | D38: =D36/D10 -> 0.17612006 | E38: =E36/E10 -> 0.17207148 | F38: =F36/F10 -> 0.19698556 | G38: =G36/G10 -> 0.19190038 | H38: =H36/H10 -> 0.19578055
B39: Y/Y chg (bps) | C39: =IFERROR((C38-Inputs!C132)*10000,"n.a.") -> -170.81911 | D39: =IFERROR((D38-Inputs!D132)*10000,"n.a.") -> -339.22371 | E39: =IFERROR((E38-Inputs!E132)*10000,"n.a.") -> -229.16591 | F39: =IFERROR((F38-Inputs!F132)*10000,"n.a.") -> -209.96796 | G39: =IFERROR((G38-Inputs!G132)*10000,"n.a.") -> -224.17232 | H39: =IFERROR((H38-C38)*10000,"n.a.") -> 157.71186
B40: Q/Q chg (bps) | C40: =IFERROR((C38-Inputs!F132)*10000,"n.a.") -> -379.72988 | D40: =IFERROR((D38-C38)*10000,"n.a.") -> -38.893015 | E40: =IFERROR((E38-D38)*10000,"n.a.") -> -40.48586 | F40: =IFERROR((F38-E38)*10000,"n.a.") -> 249.1408 | G40: n.a. | H40: =IFERROR((H38-F38)*10000,"n.a.") -> -12.050067
B41: Operating income | C41: =C15-C36 -> 582 | D41: =D15-D36 -> 701 | E41: =E15-E36 -> 715 | F41: =F15-F36 -> 655 | G41: =G15-G36 -> 2198 | H41: =H15-H36 -> 668.30315
B42: % Y/Y | C42: =IFERROR(IF(Inputs!C127<=0,"n.m.",C41/Inputs!C127-1),"n.a.") -> 0.28193833 | D42: =IFERROR(IF(Inputs!D127<=0,"n.m.",D41/Inputs!D127-1),"n.a.") -> 0.46960168 | E42: =IFERROR(IF(Inputs!E127<=0,"n.m.",E41/Inputs!E127-1),"n.a.") -> 0.40471513 | F42: =IFERROR(IF(Inputs!F127<=0,"n.m.",F41/Inputs!F127-1),"n.a.") -> 0.61330049 | G42: =IFERROR(IF(Inputs!G127<=0,"n.m.",G41/Inputs!G127-1),"n.a.") -> 0.61025641 | H42: =IFERROR(IF(C41<=0,"n.m.",H41/C41-1),"n.a.") -> 0.1482872
B43: Operating margin | C43: =C41/C10 -> 0.13623596 | D43: =D41/D10 -> 0.15471198 | E43: =E41/E10 -> 0.15773219 | F43: =F41/F10 -> 0.13711534 | G43: =G41/G10 -> 0.1278948 | H43: =H41/H10 -> 0.13449897
B44: Y/Y chg (bps) | C44: =IFERROR((C43-Inputs!C128)*10000,"n.a.") -> 223.9443 | D44: =IFERROR((D43-Inputs!D128)*10000,"n.a.") -> 422.65025 | E44: =IFERROR((E43-Inputs!E128)*10000,"n.a.") -> 362.52473 | F44: =IFERROR((F43-Inputs!F128)*10000,"n.a.") -> 402.87298 | G44: =IFERROR((G43-Inputs!G128)*10000,"n.a.") -> 408.02346 | H44: =IFERROR((H43-C43)*10000,"n.a.") -> -17.369836
B45: Q/Q chg (bps) | C45: =IFERROR((C43-Inputs!F128)*10000,"n.a.") -> 394.07908 | D45: =IFERROR((D43-C43)*10000,"n.a.") -> 184.76029 | E45: =IFERROR((E43-D43)*10000,"n.a.") -> 30.202021 | F45: =IFERROR((F43-E43)*10000,"n.a.") -> -206.16842 | G45: n.a. | H45: =IFERROR((H43-F43)*10000,"n.a.") -> -26.163729
B46: Memo: OI excl. social charges | C46: =C41+C91 -> 566 | D46: =D41+D91 -> 651 | E46: =E41+E91 -> 676 | F46: =F41+F91 -> 656 | G46: =G41+G91 -> 2322 | H46: =H41+H91 -> 690.22433 | I46: Memo: operating income excl. social charges
B47: Finance income | C47: 262 | D47: 349 | E47: 248 | F47: 86 | G47: =Inputs!E135+Inputs!F135+C47+D47 -> 771 | H47: =H117 -> 53 | I47: FY25 G47/G48 = sum of quarterly lines, 771 / (745), gross of Exchangeable-Note FV gains/losses that switch line between quarters. Issuer FY25 presentation (S6): 292 / (266); 479 reclassified on each line. Net finance 26, PBT, NI and FY25 EPS identical
B48: Finance costs | C48: -17 | D48: -29 | E48: -26 | F48: -21 | G48: =Inputs!E136+Inputs!F136+C48+D48 -> -745 | H48: =H123 -> -17 | I48: FY25: gross quarter sum (745) vs issuer FY (266) (S6); 479 reclass offsets I47, net unchanged
B49: Finance income/(costs) — net | C49: =C47+C48 -> 245 | D49: =D47+D48 -> 320 | E49: =E47+E48 -> 222 | F49: =F47+F48 -> 65 | G49: =G47+G48 -> 26 | H49: =H47+H48 -> 36
B50: Income before tax | C50: =C41+C49 -> 827 | D50: =D41+D49 -> 1021 | E50: =E41+E49 -> 937 | F50: =F41+F49 -> 720 | G50: =G41+G49 -> 2224 | H50: =H41+H49 -> 704.30315
B51: % Y/Y | C51: =IFERROR(IF(Inputs!C137<=0,"n.m.",C50/Inputs!C137-1),"n.a.") -> 1.0778894 | D51: =IFERROR(IF(Inputs!D137<=0,"n.m.",D50/Inputs!D137-1),"n.a.") -> 1.0460922 | E51: =IFERROR(IF(Inputs!E137<=0,"n.m.",E50/Inputs!E137-1),"n.a.") -> 1.8567073 | F51: =IFERROR(IF(Inputs!F137<=0,"n.m.",F50/Inputs!F137-1),"n.a.") -> 14 | G51: =IFERROR(IF(Inputs!G137<=0,"n.m.",G50/Inputs!G137-1),"n.a.") -> 0.65846383 | H51: =IFERROR(IF(C50<=0,"n.m.",H50/C50-1),"n.a.") -> -0.14836378
B52: Income tax expense/(benefit) | C52: -72 | D52: -153 | E52: 216 | F52: 175 | G52: =Inputs!E138+Inputs!F138+C52+D52 -> 12 | H52: =H50*H53 -> 158.46821 | I52: 3Q25: EUR 202m one-off benefit (US R&D deduction, S8); 4Q25 DTA recognition
B53: Effective tax rate | C53: =C52/C50 -> -0.087061669 | D53: =D52/D50 -> -0.14985309 | E53: =E52/E50 -> 0.23052295 | F53: =F52/F50 -> 0.24305556 | G53: =G52/G50 -> 0.0053956835 | H53: 0.225 | I53: 3Q26E: statutory 23.87% less tax credits/mix (~EUR 25m/qtr) and share-price DTA revaluation benefit (S4 note 5)
B54: Y/Y chg (bps) | C54: =IFERROR(IF(OR(C50<=0,Inputs!C137<=0,C53<0,C53>1,Inputs!C139<0,Inputs!C139>1),"n.m.",(C53-Inputs!C139)*10000),"n.a.") -> n.m. | D54: =IFERROR(IF(OR(D50<=0,Inputs!D137<=0,D53<0,D53>1,Inputs!D139<0,Inputs!D139>1),"n.m.",(D53-Inputs!D139)*10000),"n.a.") -> n.m. | E54: =IFERROR(IF(OR(E50<=0,Inputs!E137<=0,E53<0,E53>1,Inputs!E139<0,Inputs!E139>1),"n.m.",(E53-Inputs!E139)*10000),"n.a.") -> -835.01445 | F54: =IFERROR(IF(OR(F50<=0,Inputs!F137<=0,F53<0,F53>1,Inputs!F139<0,Inputs!F139>1),"n.m.",(F53-Inputs!F139)*10000),"n.a.") -> n.m. | G54: =IFERROR(IF(OR(G50<=0,Inputs!G137<=0,G53<0,G53>1,Inputs!G139<0,Inputs!G139>1),"n.m.",(G53-Inputs!G139)*10000),"n.a.") -> -1459.8388 | H54: =IFERROR(IF(OR(H50<=0,C50<=0,H53<0,H53>1,C53<0,C53>1),"n.m.",(H53-C53)*10000),"n.a.") -> n.m.
B55: Q/Q chg (bps) | C55: =IFERROR(IF(OR(C50<=0,Inputs!F137<=0,C53<0,C53>1,Inputs!F139<0,Inputs!F139>1),"n.m.",(C53-Inputs!F139)*10000),"n.a.") -> n.m. | D55: =IFERROR(IF(OR(D50<=0,C50<=0,D53<0,D53>1,C53<0,C53>1),"n.m.",(D53-C53)*10000),"n.a.") -> n.m. | E55: =IFERROR(IF(OR(E50<=0,D50<=0,E53<0,E53>1,D53<0,D53>1),"n.m.",(E53-D53)*10000),"n.a.") -> n.m. | F55: =IFERROR(IF(OR(F50<=0,E50<=0,F53<0,F53>1,E53<0,E53>1),"n.m.",(F53-E53)*10000),"n.a.") -> 125.3261 | G55: n.a. | H55: =IFERROR(IF(OR(H50<=0,F50<=0,H53<0,H53>1,F53<0,F53>1),"n.m.",(H53-F53)*10000),"n.a.") -> -180.55556
B56: Net income attributable to parent | C56: =C50-C52 -> 899 | D56: =D50-D52 -> 1174 | E56: =E50-E52 -> 721 | F56: =F50-F52 -> 545 | G56: =G50-G52 -> 2212 | H56: =H50-H52 -> 545.83494 | I56: Net income attributable to owners of the parent
B57: % Y/Y | C57: =IFERROR(IF(Inputs!C140<=0,"n.m.",C56/Inputs!C140-1),"n.a.") -> 1.9966667 | D57: =IFERROR(IF(Inputs!D140<=0,"n.m.",D56/Inputs!D140-1),"n.a.") -> 2.1989101 | E57: =IFERROR(IF(Inputs!E140<=0,"n.m.",E56/Inputs!E140-1),"n.a.") -> 2.2044444 | F57: =IFERROR(IF(Inputs!F140<=0,"n.m.",F56/Inputs!F140-1),"n.a.") -> n.m. | G57: =IFERROR(IF(Inputs!G140<=0,"n.m.",G56/Inputs!G140-1),"n.a.") -> 0.94376098 | H57: =IFERROR(IF(C56<=0,"n.m.",H56/C56-1),"n.a.") -> -0.39284211
B58: Net margin | C58: =C56/C10 -> 0.21044007 | D58: =D56/D10 -> 0.25910395 | E58: =E56/E10 -> 0.15905581 | F58: =F56/F10 -> 0.11408834 | G58: =G56/G10 -> 0.12870941 | H58: =H56/H10 -> 0.1098517
B59: Y/Y chg (bps) | C59: =IFERROR((C58-Inputs!C141)*10000,"n.a.") -> 1352.144 | D59: =IFERROR((D58-Inputs!D141)*10000,"n.a.") -> 1725.8816 | E59: =IFERROR((E58-Inputs!E141)*10000,"n.a.") -> 1053.5653 | F59: =IFERROR((F58-Inputs!F141)*10000,"n.a.") -> 1345.9871 | G59: =IFERROR((G58-Inputs!G141)*10000,"n.a.") -> 561.00469 | H59: =IFERROR((H58-C58)*10000,"n.a.") -> -1005.8837
B60: Q/Q chg (bps) | C60: =IFERROR((C58-Inputs!F141)*10000,"n.a.") -> 2309.5045 | D60: =IFERROR((D58-C58)*10000,"n.a.") -> 486.63876 | E60: =IFERROR((E58-D58)*10000,"n.a.") -> -1000.4814 | F60: =IFERROR((F58-E58)*10000,"n.a.") -> -449.67473 | G60: n.a. | H60: =IFERROR((H58-F58)*10000,"n.a.") -> -42.366384
B61: Issuer-defined EBITDA | C61: n.a. | D61: n.a. | E61: n.a. | F61: n.a. | G61: n.a. | H61: n.a. | I61: Spotify does not report EBITDA; not relabelled from operating income
B63: Per share (EUR)
B64: FV gains on dilutive notes | C64: =-C112 -> -197 | D64: -232 | E64: 0 | F64: 0 | G64: 0 | H64: =-H112 -> 0 | I64: S6/S8 EPS notes; FY25 annual calc: notes anti-dilutive (diluted NI = 2,212); notes repaid Mar-2026
B65: Net income used for diluted EPS | C65: =C56+C64 -> 702 | D65: =D56+D64 -> 942 | E65: =E56+E64 -> 721 | F65: =F56+F64 -> 545 | G65: =G56+G64 -> 2212 | H65: =H56+H64 -> 545.83494
B66: Weighted-average basic shares (m) | C66: ='Share Count'!C10 -> 205.9645 | D66: ='Share Count'!D10 -> 205.77198 | E66: ='Share Count'!E10 -> 205.71685 | F66: ='Share Count'!F10 -> 205.78824 | G66: ='Share Count'!G10 -> 205.41295 | H66: ='Share Count'!H10 -> 205.78618
B67: Weighted-average diluted shares (m) | C67: ='Share Count'!C17 -> 213.78974 | D67: ='Share Count'!D17 -> 212.49332 | E67: ='Share Count'!E17 -> 209.28045 | F67: ='Share Count'!F17 -> 208.85847 | G67: ='Share Count'!G17 -> 210.50917 | H67: ='Share Count'!H17 -> 208.98618
B68: Basic EPS (EUR) | C68: =C56/C66 -> 4.3648298 | D68: =D56/D66 -> 5.7053443 | E68: =E56/E66 -> 3.5048174 | F68: =F56/F66 -> 2.6483535 | G68: =G56/G66 -> 10.768552 | H68: =H56/H66 -> 2.6524373
B69: Diluted EPS — GAAP/IFRS (EUR) | C69: =C65/C67 -> 3.2836001 | D69: =D65/D67 -> 4.4330806 | E69: =E65/E67 -> 3.4451379 | F69: =F65/F67 -> 2.6094226 | G69: =G65/G67 -> 10.507856 | H69: =H65/H67 -> 2.6118231
B70: % Y/Y | C70: =IFERROR(IF(Inputs!C146<=0,"n.m.",C69/Inputs!C146-1),"n.a.") -> 1.2700568 | D70: =IFERROR(IF(Inputs!D146<=0,"n.m.",D69/Inputs!D146-1),"n.a.") -> 1.5247119 | E70: =IFERROR(IF(Inputs!E146<=0,"n.m.",E69/Inputs!E146-1),"n.a.") -> 2.2191901 | F70: =IFERROR(IF(Inputs!F146<=0,"n.m.",F69/Inputs!F146-1),"n.a.") -> n.m. | G70: =IFERROR(IF(Inputs!G146<=0,"n.m.",G69/Inputs!G146-1),"n.a.") -> 0.9112697 | H70: =IFERROR(IF(C69<=0,"n.m.",H69/C69-1),"n.a.") -> -0.20458551
B71: Diluted EPS — reported (issuer, EUR) | C71: 3.28 | D71: 4.43 | E71: 3.45 | F71: 2.61 | G71: 10.51 | H71: n.a. | I71: S7, S6, S5, S3, S9
B72: Basic EPS — reported (issuer, EUR) | C72: 4.36 | D72: 5.71 | E72: 3.5 | F72: 2.65 | G72: 10.77 | H72: n.a.
B73: Check: calc. − reported diluted EPS | C73: =ROUND(C69,2)-C71 -> 0 | D73: =ROUND(D69,2)-D71 -> 0 | E73: =ROUND(E69,2)-E71 -> 0 | F73: =ROUND(F69,2)-F71 -> 0 | G73: =ROUND(G69,2)-G71 -> 0 | H73: n.a. | I73: Check: calculated − reported diluted EPS (2 dp)
B74: Check: EPS − NI / diluted shares | C74: =ROUND(C69-C65/C67,9) -> 0 | D74: =ROUND(D69-D65/D67,9) -> 0 | E74: =ROUND(E69-E65/E67,9) -> 0 | F74: =ROUND(F69-F65/F67,9) -> 0 | G74: =ROUND(G69-G65/G67,9) -> 0 | H74: =ROUND(H69-H65/H67,9) -> 0 | I74: Check: EPS − NI for diluted EPS / diluted shares
B76: GAAP (IFRS) to consensus basis — CapIQ normalized diluted EPS (EUR)
B77: IFRS net income used for diluted EPS | C77: =C65 -> 702 | D77: =D65 -> 942 | E77: =E65 -> 721 | F77: =F65 -> 545 | G77: =G65 -> 2212 | H77: =H65 -> 545.83494
B78: (+) Social charges (not excluded) | C78: 0 | D78: 0 | E78: 0 | F78: 0 | G78: 0 | H78: 0 | I78: CapIQ normalized actuals equal IFRS diluted EPS in all six history rows (S2)
B79: (+) RE impairment (not excluded) | C79: 0 | D79: 0 | E79: 0 | F79: 0 | G79: 0 | H79: 0 | I79: (+) Real-estate impairment — not excluded
B80: (+/−) Exchangeable Notes FV (none) | C80: 0 | D80: 0 | E80: 0 | F80: 0 | G80: 0 | H80: 0 | I80: Already removed from diluted numerator when dilutive
B81: (−) Tax effect of adjustments | C81: 0 | D81: 0 | E81: 0 | F81: 0 | G81: 0 | H81: 0
B82: Normalized net income | C82: =C77+SUM(C78:C81) -> 702 | D82: =D77+SUM(D78:D81) -> 942 | E82: =E77+SUM(E78:E81) -> 721 | F82: =F77+SUM(F78:F81) -> 545 | G82: =G77+SUM(G78:G81) -> 2212 | H82: =H77+SUM(H78:H81) -> 545.83494
B83: Normalized diluted EPS (EUR) | C83: =C82/C67 -> 3.2836001 | D83: =D82/D67 -> 4.4330806 | E83: =E82/E67 -> 3.4451379 | F83: =F82/F67 -> 2.6094226 | G83: =G82/G67 -> 10.507856 | H83: =H82/H67 -> 2.6118231 | I83: Normalized diluted EPS (consensus basis, EUR)
B84: CapIQ normalized EPS — actual (S2) | C84: =Inputs!E102 -> 3.28 | D84: =Inputs!E103 -> 4.43 | E84: =Inputs!E104 -> 3.45 | F84: =Inputs!E105 -> 2.61 | G84: n.a. | H84: n.a.
B85: Check: model − CapIQ actual | C85: =ROUND(C83,2)-C84 -> 0 | D85: =ROUND(D83,2)-D84 -> 0 | E85: =ROUND(E83,2)-E84 -> 0 | F85: =ROUND(F83,2)-F84 -> 0 | G85: n.a. | H85: n.a. | I85: Check: model − CapIQ normalized actual (2 dp)
B86: CapIQ normalized EPS — consensus | C86: =Inputs!D102 -> 2.13 | D86: =Inputs!D103 -> 2.84 | E86: =Inputs!D104 -> 2.92 | F86: =Inputs!D105 -> 2.8 | G86: n.a. | H86: =Inputs!C18 -> 2.85 | I86: 3Q26E: frozen CapIQ snapshot 2026-10-18 (S1), 19 estimates
B87: Surprise / est. vs consensus (EUR) | C87: =C84-C86 -> 1.15 | D87: =D84-D86 -> 1.59 | E87: =E84-E86 -> 0.53 | F87: =F84-F86 -> -0.19 | G87: n.a. | H87: =H83-H86 -> -0.23817688 | I87: Surprise / estimate vs consensus (EUR)
B88: CapIQ GAAP EPS — consensus | C88: =Inputs!F102 -> 2.02 | D88: =Inputs!F103 -> 2.78 | E88: =Inputs!F104 -> 2.94 | F88: =Inputs!F105 -> 2.75 | G88: n.a. | H88: =Inputs!C51 -> 2.81
B90: Forecast drivers — operating expenses and social charges
B91: Social charges included in opex (issuer) | C91: -16 | D91: -50 | E91: -39 | F91: 1 | G91: =Inputs!E133+Inputs!F133+C91+D91 -> 124 | H91: =H92+H97*(H95/H98) -> 21.921177 | I91: S7, S6, S5, S3; 3Q26E = guided 9 + sensitivity × price move
B92: Social charges embedded in guidance | C92: =Guidance!G15 -> 25 | D92: =Guidance!G23 -> 17 | E92: =Guidance!G31 -> 10 | F92: =Guidance!G39 -> 10 | G92: n.a. | H92: =Guidance!G47 -> 9 | I92: Guidance tab (S7, S6, S5, S3)
B93: Social charges vs guidance | C93: =C91-C92 -> -41 | D93: =D91-D92 -> -67 | E93: =E91-E92 -> -49 | F93: =F91-F92 -> -9 | G93: n.a. | H93: =H91-H92 -> 12.921177
B94: SPOT share price at quarter-end (USD) | C94: 698 | D94: 580.71 | E94: 484.91 | F94: 459.13 | G94: n.a. | H94: 487.38 | I94: Issuer guidance footnotes; 3Q26 close 2026-09-30 (S12)
B95: Share-price chg vs prior qtr-end | C95: n.a. | D95: =D94/C94-1 -> -0.16803725 | E95: =E94/D94-1 -> -0.16497047 | F95: =F94/E94-1 -> -0.053164505 | G95: n.a. | H95: =H94/F94-1 -> 0.061529414 | I95: Share-price change vs prior quarter-end
B96: % Y/Y | C96: n.a. | D96: n.a. | E96: n.a. | F96: n.a. | G96: n.a. | H96: =IFERROR(IF(C94<=0,"n.m.",H94/C94-1),"n.a.") -> -0.30174785
B97: SC sensitivity per ref. move (EUR m) | C97: n.a. | D97: n.a. | E97: 23 | F97: 21 | G97: n.a. | H97: =F97 -> 21 | I97: S5, S3 (±EUR 21m per 10% at 2Q26 close)
B98: Reference share-price move | C98: n.a. | D98: n.a. | E98: 0.1 | F98: 0.1 | G98: n.a. | H98: 0.1
B99: R&D before 3Q SC (2Q base incl. SC) | C99: n.a. | D99: n.a. | E99: n.a. | F99: n.a. | G99: n.a. | H99: =F21*(1+H100) -> 407.03 | I99: 3Q26E bases = 2Q26 reported R&D/S&M/G&A (F21/F26/F31), which include EUR 1m of 2Q26 social charges (F91). Growth judgments H100/H103/H106 retained on this reported base; the full 3Q26E SC forecast (H91) is added on top in rows 21/26/31, so ~EUR 1.01m of prior-quarter SC is carried (H127). Ex-SC-base alternative is a sensitivity only (H129, +0.0037), not applied. Issuer: 3Q opex growth ex-FX/SC ~ in line with 2Q (+19%) (S10)
B100: Q/Q growth on 2Q reported R&D | C100: n.a. | D100: n.a. | E100: n.a. | F100: n.a. | G100: n.a. | H100: 0.01
B101: SC allocation share — R&D | C101: n.a. | D101: n.a. | E101: n.a. | F101: n.a. | G101: n.a. | H101: =F21/F36 -> 0.4282678 | I101: Allocation not disclosed; does not affect operating income
B102: S&M before 3Q SC (2Q base incl. SC) | C102: n.a. | D102: n.a. | E102: n.a. | F102: n.a. | G102: n.a. | H102: =F26*(1+H103) -> 395.85
B103: Q/Q growth on 2Q reported S&M | C103: n.a. | D103: n.a. | E103: n.a. | F103: n.a. | G103: n.a. | H103: 0.015
B104: SC allocation share — S&M | C104: n.a. | D104: n.a. | E104: n.a. | F104: n.a. | G104: n.a. | H104: =F26/F36 -> 0.41445271 | I104: Social-charge allocation share — S&M
B105: G&A before 3Q SC (2Q base incl. SC) | C105: n.a. | D105: n.a. | E105: n.a. | F105: n.a. | G105: n.a. | H105: =F31*(1+H106) -> 148
...

Sheet Balance Sheet
B2: Spotify Technology S.A. (NYSE: SPOT)
B3: Balance Sheet (IFRS)
B4: EUR millions, except per share
B5: Period | C5: 3Q25A | D5: 4Q25A | E5: 1Q26A | F5: 2Q26A | G5: FY25A | H5: 3Q26E | I5: Notes
B6: Period end | C6: 45930 | D6: 46022 | E6: 46112 | F6: 46203 | G6: 46022 | H6: 46295
B7: Days in period | C7: =C6-EOMONTH(C6,-3) -> 92 | D7: =D6-EOMONTH(D6,-3) -> 92 | E7: =E6-EOMONTH(E6,-3) -> 90 | F7: =F6-EOMONTH(F6,-3) -> 91 | G7: =G6-DATE(YEAR(G6)-1,12,31) -> 365 | H7: =H6-EOMONTH(H6,-3) -> 92
B9: Assets
B10: Lease right-of-use assets | C10: 242 | D10: 234 | E10: 227 | F10: 225 | G10: =D10 -> 234 | H10: =F10 -> 225 | I10: 3Q26E held flat; ROU depreciation is netted in PP&E (H11) — asset-allocation simplification
B11: Property and equipment | C11: 174 | D11: 188 | E11: 182 | F11: 193 | G11: =D11 -> 188 | H11: =F11-'Cash Flow Statement'!H31-'Cash Flow Statement'!H11-'Cash Flow Statement'!H12 -> 185 | I11: 3Q26E: + capex − total D&A (ROU depreciation and intangible amortization netted here while ROU/intangibles are held flat; no non-cash lease addition) — simplification, total assets unaffected
B12: Goodwill | C12: 1078 | D12: 1083 | E12: 1099 | F12: 1110 | G12: =D12 -> 1083 | H12: =F12 -> 1110
B13: Intangible assets | C13: 33 | D13: 41 | E13: 41 | F13: 36 | G13: =D13 -> 41 | H13: =F13 -> 36 | I13: 3Q26E held flat; amortization is netted in PP&E (H11) — asset-allocation simplification
B14: Long term investments | C14: 2888 | D14: 2181 | E14: 1194 | F14: 1118 | G14: =D14 -> 2181 | H14: =F14 -> 1118 | I14: TME/DistroKid at FV through OCI; not forecast
B15: Restricted cash & other NC assets | C15: 61 | D15: 61 | E15: 59 | F15: 56 | G15: =D15 -> 61 | H15: =F15 -> 56 | I15: Restricted cash and other non-current assets
B16: Finance lease receivables | C16: 69 | D16: 69 | E16: 71 | F16: 71 | G16: =D16 -> 69 | H16: =F16 -> 71
B17: Deferred tax assets | C17: 87 | D17: 662 | E17: 596 | F17: 563 | G17: =D17 -> 662 | H17: =F17 -> 563
B18: Total non-current assets | C18: =SUM(C10:C17) -> 4632 | D18: =SUM(D10:D17) -> 4519 | E18: =SUM(E10:E17) -> 3469 | F18: =SUM(F10:F17) -> 3372 | G18: =SUM(G10:G17) -> 4519 | H18: =SUM(H10:H17) -> 3364
B19: Trade and other receivables | C19: 735 | D19: 802 | E19: 683 | F19: 780 | G19: =D19 -> 802 | H19: =F19-'Cash Flow Statement'!H19 -> 810
B20: Income tax receivable | C20: 117 | D20: 116 | E20: 94 | F20: 92 | G20: =D20 -> 116 | H20: =F20 -> 92
B21: Short term investments | C21: 3606 | D21: 4209 | E21: 3491 | F21: 3450 | G21: =D21 -> 4209 | H21: =F21-'Cash Flow Statement'!H32-'Cash Flow Statement'!H33 -> 3450
B22: Cash and cash equivalents | C22: 5456 | D22: 5258 | E22: 5255 | F22: 5938 | G22: =D22 -> 5258 | H22: ='Cash Flow Statement'!H50 -> 6394.3032
B23: Other current assets | C23: 143 | D23: 111 | E23: 136 | F23: 116 | G23: =D23 -> 111 | H23: =F23 -> 116
B24: Total current assets | C24: =SUM(C19:C23) -> 10057 | D24: =SUM(D19:D23) -> 10496 | E24: =SUM(E19:E23) -> 9659 | F24: =SUM(F19:F23) -> 10376 | G24: =SUM(G19:G23) -> 10496 | H24: =SUM(H19:H23) -> 10862.303
B25: Total assets | C25: =C18+C24 -> 14689 | D25: =D18+D24 -> 15015 | E25: =E18+E24 -> 13128 | F25: =F18+F24 -> 13748 | G25: =G18+G24 -> 15015 | H25: =H18+H24 -> 14226.303
B27: Equity
B28: Share capital | C28: 0 | D28: 0 | E28: 0 | F28: 0 | G28: =D28 -> 0 | H28: =F28 -> 0 | I28: Less than EUR 0.5m (shown as —)
B29: Other paid in capital | C29: 6459 | D29: 6496 | E29: 6560 | F29: 6624 | G29: =D29 -> 6496 | H29: =F29+'Cash Flow Statement'!H40 -> 6669
B30: Treasury shares | C30: -328 | D30: -701 | E30: -1007 | F30: -1248 | G30: =D30 -> -701 | H30: =F30+'Cash Flow Statement'!H41 -> -1578
B31: Other reserves | C31: 3654 | D31: 3366 | E31: 2581 | F31: 2588 | G31: =D31 -> 3366 | H31: =F31+'Cash Flow Statement'!H14+'Cash Flow Statement'!H44 -> 2643 | I31: 3Q26E: + SBC − RSU taxes withheld; OCI not forecast
B32: Retained earnings/(accumulated deficit) | C32: -2006 | D32: -832 | E32: -124 | F32: 421 | G32: =D32 -> -832 | H32: =F32+'Income Statement'!H56 -> 966.83494
B33: Equity attributable to parent | C33: =SUM(C28:C32) -> 7779 | D33: =SUM(D28:D32) -> 8329 | E33: =SUM(E28:E32) -> 8010 | F33: =SUM(F28:F32) -> 8385 | G33: =SUM(G28:G32) -> 8329 | H33: =SUM(H28:H32) -> 8700.8349 | I33: Equity attributable to owners of the parent
B35: Liabilities
B36: Exchangeable Notes (non-current) | C36: 0 | D36: 0 | E36: 0 | F36: 0 | G36: =D36 -> 0 | H36: =F36 -> 0
B37: Lease liabilities | C37: 444 | D37: 433 | E37: 414 | F37: 404 | G37: =D37 -> 433 | H37: =F37+'Cash Flow Statement'!H42 -> 388 | I37: 3Q26E: less lease principal payments only (no new leases) — simplification
B38: Accrued exp. & other liabilities (NC) | C38: 1 | D38: 2 | E38: 2 | F38: 2 | G38: =D38 -> 2 | H38: =F38 -> 2 | I38: Accrued expenses and other liabilities (non-current)
B39: Provisions (non-current) | C39: 3 | D39: 3 | E39: 3 | F39: 13 | G39: =D39 -> 3 | H39: =F39 -> 13
B40: Deferred tax liabilities | C40: 223 | D40: 163 | E40: 11 | F40: 30 | G40: =D40 -> 163 | H40: =F40 -> 30
B41: Total non-current liabilities | C41: =SUM(C36:C40) -> 671 | D41: =SUM(D36:D40) -> 601 | E41: =SUM(E36:E40) -> 430 | F41: =SUM(F36:F40) -> 449 | G41: =SUM(G36:G40) -> 601 | H41: =SUM(H36:H40) -> 433
B42: Trade and other payables | C42: 1193 | D42: 1194 | E42: 1250 | F42: 1325 | G42: =D42 -> 1194 | H42: =F42+'Cash Flow Statement'!H20 -> 1415
B43: Income tax payable | C43: 31 | D43: 72 | E43: 150 | F43: 171 | G43: =D43 -> 72 | H43: =F43+'Cash Flow Statement'!H17+'Cash Flow Statement'!H25 -> 239.46821 | I43: 3Q26E: + full tax expense (IS H52) − cash tax paid; no deferred-tax movement (DTA/DTL held flat) — simplification
B44: Deferred revenue | C44: 692 | D44: 711 | E44: 750 | F44: 778 | G44: =D44 -> 711 | H44: =F44+'Cash Flow Statement'!H21 -> 798
B45: Accrued exp. & other liabilities | C45: 2519 | D45: 2589 | E45: 2471 | F45: 2573 | G45: =D45 -> 2589 | H45: =F45 -> 2573 | I45: Accrued expenses and other liabilities
B46: Exchangeable Notes (current) | C46: 1741 | D46: 1458 | E46: 0 | F46: 0 | G46: =D46 -> 1458 | H46: =F46 -> 0
B47: Provisions (current) | C47: 50 | D47: 51 | E47: 49 | F47: 45 | G47: =D47 -> 51 | H47: =F47+'Cash Flow Statement'!H22 -> 45
B48: Derivative liabilities | C48: 13 | D48: 10 | E48: 18 | F48: 22 | G48: =D48 -> 10 | H48: =F48 -> 22
B49: Total current liabilities | C49: =SUM(C42:C48) -> 6239 | D49: =SUM(D42:D48) -> 6085 | E49: =SUM(E42:E48) -> 4688 | F49: =SUM(F42:F48) -> 4914 | G49: =SUM(G42:G48) -> 6085 | H49: =SUM(H42:H48) -> 5092.4682
B50: Total liabilities | C50: =C41+C49 -> 6910 | D50: =D41+D49 -> 6686 | E50: =E41+E49 -> 5118 | F50: =F41+F49 -> 5363 | G50: =G41+G49 -> 6686 | H50: =H41+H49 -> 5525.4682
B51: Total equity and liabilities | C51: =C50+C33 -> 14689 | D51: =D50+D33 -> 15015 | E51: =E50+E33 -> 13128 | F51: =F50+F33 -> 13748 | G51: =G50+G33 -> 15015 | H51: =H50+H33 -> 14226.303
B53: Check: assets − liabilities − equity | C53: =ROUND(C25-C50-C33,6) -> 0 | D53: =ROUND(D25-D50-D33,6) -> 0 | E53: =ROUND(E25-E50-E33,6) -> 0 | F53: =ROUND(F25-F50-F33,6) -> 0 | G53: =ROUND(G25-G50-G33,6) -> 0 | H53: =ROUND(H25-H50-H33,6) -> 0
B54: Memo: cash + short term investments | C54: =C22+C21 -> 9062 | D54: =D22+D21 -> 9467 | E54: =E22+E21 -> 8746 | F54: =F22+F21 -> 9388 | G54: =G22+G21 -> 9467 | H54: =H22+H21 -> 9844.3032

Sheet Cash Flow Statement
B2: Spotify Technology S.A. (NYSE: SPOT)
B3: Cash Flow Statement (IFRS)
B4: EUR millions, except per share
B5: Period | C5: 3Q25A | D5: 4Q25A | E5: 1Q26A | F5: 2Q26A | G5: FY25A | H5: 3Q26E | I5: Notes
B6: Period end | C6: 45930 | D6: 46022 | E6: 46112 | F6: 46203 | G6: 46022 | H6: 46295
B7: Days in period | C7: =C6-EOMONTH(C6,-3) -> 92 | D7: =D6-EOMONTH(D6,-3) -> 92 | E7: =E6-EOMONTH(E6,-3) -> 90 | F7: =F6-EOMONTH(F6,-3) -> 91 | G7: =G6-DATE(YEAR(G6)-1,12,31) -> 365 | H7: =H6-EOMONTH(H6,-3) -> 92
B9: Operating activities
B10: Net income | C10: ='Income Statement'!C56 -> 899 | D10: ='Income Statement'!D56 -> 1174 | E10: ='Income Statement'!E56 -> 721 | F10: ='Income Statement'!F56 -> 545 | G10: ='Income Statement'!G56 -> 2212 | H10: ='Income Statement'!H56 -> 545.83494
B11: Depreciation (PP&E and ROU assets) | C11: 19 | D11: 20 | E11: 20 | F11: 24 | G11: =Inputs!E174+Inputs!F174+C11+D11 -> 79 | H11: 24 | I11: Depreciation of PP&E and lease ROU assets
B12: Amortization of intangible assets | C12: 5 | D12: 5 | E12: 6 | F12: 5 | G12: =Inputs!E175+Inputs!F175+C12+D12 -> 23 | H12: 5
B13: Impairment of real estate assets | C13: 5 | D13: 0 | E13: 4 | F13: 0 | G13: =Inputs!E176+Inputs!F176+C13+D13 -> 8 | H13: 0 | I13: Impairment charge on real estate assets
B14: Share-based compensation expense | C14: 75 | D14: 57 | E14: 56 | F14: 86 | G14: =Inputs!E177+Inputs!F177+C14+D14 -> 247 | H14: 85
B15: Finance income | C15: =-'Income Statement'!C47 -> -262 | D15: =-'Income Statement'!D47 -> -349 | E15: =-'Income Statement'!E47 -> -248 | F15: =-'Income Statement'!F47 -> -86 | G15: =-'Income Statement'!G47 -> -771 | H15: =-'Income Statement'!H47 -> -53 | I15: FY25 G15/G16 = sum of quarters (771) / 745, gross of FV swings (see IS I47); issuer FY25 CF presentation (292) / 266 (S6); net (26) and CFO identical
B16: Finance costs | C16: =-'Income Statement'!C48 -> 17 | D16: =-'Income Statement'!D48 -> 29 | E16: =-'Income Statement'!E48 -> 26 | F16: =-'Income Statement'!F48 -> 21 | G16: =-'Income Statement'!G48 -> 745 | H16: =-'Income Statement'!H48 -> 17
B17: Income tax expense/(benefit) | C17: ='Income Statement'!C52 -> -72 | D17: ='Income Statement'!D52 -> -153 | E17: ='Income Statement'!E52 -> 216 | F17: ='Income Statement'!F52 -> 175 | G17: ='Income Statement'!G52 -> 12 | H17: ='Income Statement'!H52 -> 158.46821
B18: Other | C18: 1 | D18: 1 | E18: -2 | F18: 1 | G18: =Inputs!E178+Inputs!F178+C18+D18 -> 10 | H18: 0
B19: (Incr.)/decr. in receivables & other | C19: -26 | D19: -66 | E19: 91 | F19: -80 | G19: =Inputs!E179+Inputs!F179+C19+D19 -> -115 | H19: -30 | I19: (Increase)/decrease in trade receivables and other assets
B20: Incr./(decr.) in trade & other liab. | C20: 100 | D20: 70 | E20: -94 | F20: 150 | G20: =Inputs!E180+Inputs!F180+C20+D20 -> 281 | H20: 90 | I20: Increase/(decrease) in trade and other liabilities
B21: Increase in deferred revenue | C21: 25 | D21: 20 | E21: 35 | F21: 25 | G21: =Inputs!E181+Inputs!F181+C21+D21 -> 60 | H21: 20
B22: Increase/(decrease) in provisions | C22: 2 | D22: 0 | E22: -3 | F22: -6 | G22: =Inputs!E182+Inputs!F182+C22+D22 -> 22 | H22: 0
B23: Interest paid | C23: -11 | D23: -6 | E23: -8 | F23: -7 | G23: =Inputs!E183+Inputs!F183+C23+D23 -> -36 | H23: =-H16 -> -17 | I23: 3Q26E simplification: interest paid = all P&L finance costs (−H16), incl. ~EUR 8m non-cash FX loss (IS H122); affects CFO/FCF/cash only (up to EUR 8m), not EPS
B24: Interest received | C24: 57 | D24: 58 | E24: 52 | F24: 48 | G24: =Inputs!E184+Inputs!F184+C24+D24 -> 242 | H24: =-H15 -> 53 | I24: 3Q26E simplification: interest received = all P&L finance income (−H15), no accrual timing; affects cash only, not EPS
B25: Income tax paid | C25: -5 | D25: -4 | E25: -36 | F25: -85 | G25: =Inputs!E185+Inputs!F185+C25+D25 -> -86 | H25: -90 | I25: 3Q26E assumption (2Q26: 85)
B26: Net cash flows from operating activities | C26: =SUM(C10:C25) -> 829 | D26: =SUM(D10:D25) -> 856 | E26: =SUM(E10:E25) -> 836 | F26: =SUM(F10:F25) -> 816 | G26: =SUM(G10:G25) -> 2933 | H26: =SUM(H10:H25) -> 808.30315
B28: Investing activities
B29: Business combinations, net of cash | C29: 0 | D29: -9 | E29: 0 | F29: 0 | G29: =Inputs!E187+Inputs!F187+C29+D29 -> -9 | H29: 0 | I29: Business combinations, net of cash acquired
B30: Deferred consideration paid | C30: 0 | D30: 0 | E30: 0 | F30: 0 | G30: =Inputs!E188+Inputs!F188+C30+D30 -> -9 | H30: 0 | I30: Payment of deferred consideration (business combinations)
B31: Purchases of property and equipment | C31: -23 | D31: -22 | E31: -5 | F31: -20 | G31: =Inputs!E189+Inputs!F189+C31+D31 -> -61 | H31: -21
B32: Purchases of ST investments | C32: -4783 | D32: -5916 | E32: -6740 | F32: -7301 | G32: =Inputs!E190+Inputs!F190+C32+D32 -> -19271 | H32: 0 | I32: 3Q26E: net STI flow assumed nil
B33: Sales/maturities of ST investments | C33: 4369 | D33: 5318 | E33: 7484 | F33: 7351 | G33: =Inputs!E191+Inputs!F191+C33+D33 -> 17545 | H33: 0 | I33: Sales and maturities of short term investments
B34: Change in restricted cash | C34: 0 | D34: 0 | E34: 1 | F34: 2 | G34: =Inputs!E192+Inputs!F192+C34+D34 -> 2 | H34: 0
B35: Dividends received | C35: 1 | D35: 0 | E35: 0 | F35: 29 | G35: =Inputs!E193+Inputs!F193+C35+D35 -> 23 | H35: 0
B36: Other investing | C36: -2 | D36: 0 | E36: -8 | F36: 1 | G36: =Inputs!E194+Inputs!F194+C36+D36 -> -5 | H36: 0
B37: Net cash flows from investing activities | C37: =SUM(C29:C36) -> -438 | D37: =SUM(D29:D36) -> -629 | E37: =SUM(E29:E36) -> 732 | F37: =SUM(F29:F36) -> 62 | G37: =SUM(G29:G36) -> -1785 | H37: =SUM(H29:H36) -> -21
B39: Financing activities
B40: Proceeds from stock option exercises | C40: 39 | D40: 37 | E40: 64 | F40: 64 | G40: =Inputs!E196+Inputs!F196+C40+D40 -> 372 | H40: 45 | I40: Proceeds from exercise of stock options
B41: Repurchases of ordinary shares | C41: -58 | D41: -381 | E41: -306 | F41: -232 | G41: =Inputs!E197+Inputs!F197+C41+D41 -> -439 | H41: -330 | I41: 3Q26E: program upsized by USD 1.5bn on 2026-08-20 (S3/IR news)
B42: Payments of lease liabilities | C42: -15 | D42: -14 | E42: -20 | F42: -16 | G42: =Inputs!E198+Inputs!F198+C42+D42 -> -73 | H42: -16
B43: Repayment of Exchangeable Notes | C43: 0 | D43: 0 | E43: -1304 | F43: 0 | G43: =Inputs!E199+Inputs!F199+C43+D43 -> 0 | H43: 0
B44: Taxes withheld on RSU releases | C44: -66 | D44: -60 | E44: -45 | F44: -34 | G44: =Inputs!E200+Inputs!F200+C44+D44 -> -241 | H44: -30 | I44: Employee taxes withheld on RSU releases
B45: Net cash flows from financing activities | C45: =SUM(C40:C44) -> -100 | D45: =SUM(D40:D44) -> -418 | E45: =SUM(E40:E44) -> -1611 | F45: =SUM(F40:F44) -> -218 | G45: =SUM(G40:G44) -> -381 | H45: =SUM(H40:H44) -> -331
B47: Net change in cash and cash equivalents | C47: =C26+C37+C45 -> 291 | D47: =D26+D37+D45 -> -191 | E47: =E26+E37+E45 -> -43 | F47: =F26+F37+F45 -> 660 | G47: =G26+G37+G45 -> 767 | H47: =H26+H37+H45 -> 456.30315
B48: Cash at beginning of period | C48: =Inputs!F205 -> 5161 | D48: ='Balance Sheet'!C22 -> 5456 | E48: ='Balance Sheet'!D22 -> 5258 | F48: ='Balance Sheet'!E22 -> 5255 | G48: =Inputs!E203 -> 4781 | H48: ='Balance Sheet'!F22 -> 5938
B49: FX gains/(losses) on cash | C49: 4 | D49: -7 | E49: 40 | F49: 23 | G49: =Inputs!E204+Inputs!F204+C49+D49 -> -290 | H49: 0
B50: Cash at end of period | C50: =C48+C47+C49 -> 5456 | D50: =D48+D47+D49 -> 5258 | E50: =E48+E47+E49 -> 5255 | F50: =F48+F47+F49 -> 5938 | G50: =G48+G47+G49 -> 5258 | H50: =H48+H47+H49 -> 6394.3032
B51: Check: ending cash − Balance Sheet cash | C51: =ROUND(C50-'Balance Sheet'!C22,6) -> 0 | D51: =ROUND(D50-'Balance Sheet'!D22,6) -> 0 | E51: =ROUND(E50-'Balance Sheet'!E22,6) -> 0 | F51: =ROUND(F50-'Balance Sheet'!F22,6) -> 0 | G51: =ROUND(G50-'Balance Sheet'!G22,6) -> 0 | H51: =ROUND(H50-'Balance Sheet'!H22,6) -> 0
B53: Free cash flow (issuer definition: CFO − capex + change in restricted cash)
B54: Capex (issuer FCF definition) | C54: -23 | D54: -22 | E54: -13 | F54: -21 | G54: =Inputs!E206+Inputs!F206+C54+D54 -> -61 | H54: =H31 -> -21 | I54: S3 FCF reconciliation; 3Q26E = purchases of PP&E
B55: Change in restricted cash (FCF def.) | C55: 0 | D55: 0 | E55: 1 | F55: 2 | G55: =Inputs!E207+Inputs!F207+C55+D55 -> 2 | H55: =H34 -> 0 | I55: Change in restricted cash (issuer FCF table)
B56: Free cash flow | C56: =C26+C54+C55 -> 806 | D56: =D26+D54+D55 -> 834 | E56: =E26+E54+E55 -> 824 | F56: =F26+F54+F55 -> 797 | G56: =G26+G54+G55 -> 2874 | H56: =H26+H54+H55 -> 787.30315
B57: % Y/Y | C57: =IFERROR(IF(Inputs!C149<=0,"n.m.",C56/Inputs!C149-1),"n.a.") -> 0.13361463 | D57: =IFERROR(IF(Inputs!D149<=0,"n.m.",D56/Inputs!D149-1),"n.a.") -> -0.049030787 | E57: =IFERROR(IF(Inputs!E149<=0,"n.m.",E56/Inputs!E149-1),"n.a.") -> 0.54307116 | F57: =IFERROR(IF(Inputs!F149<=0,"n.m.",F56/Inputs!F149-1),"n.a.") -> 0.13857143 | G57: =IFERROR(IF(Inputs!G149<=0,"n.m.",G56/Inputs!G149-1),"n.a.") -> 0.25776805 | H57: =IFERROR(IF(C56<=0,"n.m.",H56/C56-1),"n.a.") -> -0.023197084
B58: Free cash flow — reported (issuer) | C58: 806 | D58: 834 | E58: 824 | F58: 797 | G58: 2874 | H58: n.a. | I58: S3, S6
B59: Check: calculated − reported FCF | C59: =ROUND(C56-C58,6) -> 0 | D59: =ROUND(D56-D58,6) -> 0 | E59: =ROUND(E56-E58,6) -> 0 | F59: =ROUND(F56-F58,6) -> 0 | G59: =ROUND(G56-G58,6) -> 0 | H59: n.a.
B60: FCF margin | C60: =C56/'Income Statement'!C10 -> 0.18867041 | D60: =D56/'Income Statement'!D10 -> 0.18406533 | E60: =E56/'Income Statement'!E10 -> 0.18177807 | F60: =F56/'Income Statement'!F10 -> 0.16684111 | G60: =G56/'Income Statement'!G10 -> 0.16722914 | H60: =H56/'Income Statement'!H10 -> 0.15844825
B61: Y/Y chg (bps) | C61: =IFERROR((C60-Inputs!C150)*10000,"n.a.") -> 103.85557 | D61: =IFERROR((D60-Inputs!D150)*10000,"n.a.") -> -226.76775 | E61: =IFERROR((E60-Inputs!E150)*10000,"n.a.") -> 543.31771 | F61: =IFERROR((F60-Inputs!F150)*10000,"n.a.") -> -1.0379451 | G61: =IFERROR((G60-Inputs!G150)*10000,"n.a.") -> 214.37013 | H61: =IFERROR((H60-C60)*10000,"n.a.") -> -302.22163
B62: Q/Q chg (bps) | C62: =IFERROR((C60-Inputs!F150)*10000,"n.a.") -> 217.25504 | D62: =IFERROR((D60-C60)*10000,"n.a.") -> -46.050842 | E62: =IFERROR((E60-D60)*10000,"n.a.") -> -22.872558 | F62: =IFERROR((F60-E60)*10000,"n.a.") -> -149.36958 | G62: n.a. | H62: =IFERROR((H60-F60)*10000,"n.a.") -> -83.928647

Sheet Geo
B2: Spotify Technology S.A. (NYSE: SPOT)
B3: Revenue by geography
B4: EUR millions, except per share
B5: Period | C5: 3Q25A | D5: 4Q25A | E5: 1Q26A | F5: 2Q26A | G5: FY25A | H5: 3Q26E | I5: Notes
B6: Period end | C6: 45930 | D6: 46022 | E6: 46112 | F6: 46203 | G6: 46022 | H6: 46295
B7: Days in period | C7: =C6-EOMONTH(C6,-3) -> 92 | D7: =D6-EOMONTH(D6,-3) -> 92 | E7: =E6-EOMONTH(E6,-3) -> 90 | F7: =F6-EOMONTH(F6,-3) -> 91 | G7: =G6-DATE(YEAR(G6)-1,12,31) -> 365 | H7: =H6-EOMONTH(H6,-3) -> 92
B9: Revenue by country (EUR m; issuer: Premium by subscription origin, Ad-Supported by campaign delivery)
B10: United States | C10: 1587 | D10: =Inputs!C238-Inputs!C235 -> 1641 | E10: =Inputs!C241-F10 -> 1592 | F10: 1734 | G10: =Inputs!E168+Inputs!F168+C10+D10 -> 6470 | H10: =H34*H36 -> 1803.6339 | I10: S8, S9, S4; 4Q25 = FY25 − 9M25 and 1Q26 = 1H26 − 2Q26 by formula (Inputs section F)
B11: % Y/Y | C11: =IFERROR(IF(Inputs!C168<=0,"n.m.",C10/Inputs!C168-1),"n.a.") -> 0.0063411541 | D11: =IFERROR(IF(Inputs!D168<=0,"n.m.",D10/Inputs!D168-1),"n.a.") -> -0.032999411 | E11: =IFERROR(IF(Inputs!E168<=0,"n.m.",E10/Inputs!E168-1),"n.a.") -> -0.035151515 | F11: =IFERROR(IF(Inputs!F168<=0,"n.m.",F10/Inputs!F168-1),"n.a.") -> 0.08919598 | G11: =IFERROR(IF(Inputs!G168<=0,"n.m.",G10/Inputs!G168-1),"n.a.") -> 0.054432855 | H11: =IFERROR(IF(C10<=0,"n.m.",H10/C10-1),"n.a.") -> 0.13650531
B12: % Q/Q | C12: =IFERROR(IF(Inputs!F168<=0,"n.m.",C10/Inputs!F168-1),"n.a.") -> -0.0031407035 | D12: =IFERROR(IF(C10<=0,"n.m.",D10/C10-1),"n.a.") -> 0.034026465 | E12: =IFERROR(IF(D10<=0,"n.m.",E10/D10-1),"n.a.") -> -0.029859842 | F12: =IFERROR(IF(E10<=0,"n.m.",F10/E10-1),"n.a.") -> 0.08919598 | G12: n.a. | H12: =IFERROR(IF(F10<=0,"n.m.",H10/F10-1),"n.a.") -> 0.040157976
B13: % of total revenue | C13: =C10/C34 -> 0.37148876 | D13: =D10/D34 -> 0.36217171 | E13: =E10/E34 -> 0.35120229 | F13: =F10/F34 -> 0.36298932 | G13: =G10/G34 -> 0.37646922 | H13: =H10/H34 -> 0.36298932
B14: Organic growth | C14: n.a. | D14: n.a. | E14: n.a. | F14: n.a. | G14: n.a. | H14: n.a. | I14: Unavailable: M&A not disclosed
B15: M&A / scope impact | C15: n.a. | D15: n.a. | E15: n.a. | F15: n.a. | G15: n.a. | H15: n.a. | I15: Not disclosed
B16: FX impact | C16: n.a. | D16: n.a. | E16: n.a. | F16: n.a. | G16: n.a. | H16: n.a. | I16: FX not disclosed by country
B17: Total Y/Y | C17: =C10/Inputs!C168-1 -> 0.0063411541 | D17: =D10/Inputs!D168-1 -> -0.032999411 | E17: =E10/Inputs!E168-1 -> -0.035151515 | F17: =F10/Inputs!F168-1 -> 0.08919598 | G17: =G10/Inputs!G168-1 -> 0.054432855 | H17: =H10/C10-1 -> 0.13650531
B18: Luxembourg | C18: 3 | D18: =Inputs!C239-Inputs!C236 -> 4 | E18: =Inputs!C242-F18 -> 3 | F18: 4 | G18: =Inputs!E169+Inputs!F169+C18+D18 -> 13 | H18: 4
B19: % Y/Y | C19: =IFERROR(IF(Inputs!C169<=0,"n.m.",C18/Inputs!C169-1),"n.a.") -> 0.5 | D19: =IFERROR(IF(Inputs!D169<=0,"n.m.",D18/Inputs!D169-1),"n.a.") -> 0.33333333 | E19: =IFERROR(IF(Inputs!E169<=0,"n.m.",E18/Inputs!E169-1),"n.a.") -> 0 | F19: =IFERROR(IF(Inputs!F169<=0,"n.m.",F18/Inputs!F169-1),"n.a.") -> 0.33333333 | G19: =IFERROR(IF(Inputs!G169<=0,"n.m.",G18/Inputs!G169-1),"n.a.") -> 0.3 | H19: =IFERROR(IF(C18<=0,"n.m.",H18/C18-1),"n.a.") -> 0.33333333
B20: % Q/Q | C20: =IFERROR(IF(Inputs!F169<=0,"n.m.",C18/Inputs!F169-1),"n.a.") -> 0 | D20: =IFERROR(IF(C18<=0,"n.m.",D18/C18-1),"n.a.") -> 0.33333333 | E20: =IFERROR(IF(D18<=0,"n.m.",E18/D18-1),"n.a.") -> -0.25 | F20: =IFERROR(IF(E18<=0,"n.m.",F18/E18-1),"n.a.") -> 0.33333333 | G20: n.a. | H20: =IFERROR(IF(F18<=0,"n.m.",H18/F18-1),"n.a.") -> 0
B21: % of total revenue | C21: =C18/C34 -> 0.00070224719 | D21: =D18/D34 -> 0.00088280733 | E21: =E18/E34 -> 0.00066181337 | F21: =F18/F34 -> 0.00083734561 | G21: =G18/G34 -> 0.00075642965 | H21: =H18/H34 -> 0.00080501773
B22: Organic growth | C22: n.a. | D22: n.a. | E22: n.a. | F22: n.a. | G22: n.a. | H22: n.a. | I22: Unavailable: M&A not disclosed
B23: M&A / scope impact | C23: n.a. | D23: n.a. | E23: n.a. | F23: n.a. | G23: n.a. | H23: n.a. | I23: Not disclosed
B24: FX impact | C24: n.a. | D24: n.a. | E24: n.a. | F24: n.a. | G24: n.a. | H24: n.a. | I24: FX not disclosed by country
B25: Total Y/Y | C25: =C18/Inputs!C169-1 -> 0.5 | D25: =D18/Inputs!D169-1 -> 0.33333333 | E25: =E18/Inputs!E169-1 -> 0 | F25: =F18/Inputs!F169-1 -> 0.33333333 | G25: =G18/Inputs!G169-1 -> 0.3 | H25: =H18/C18-1 -> 0.33333333
B26: Other countries | C26: 2682 | D26: =Inputs!C240-Inputs!C237 -> 2886 | E26: =Inputs!C243-F26 -> 2938 | F26: 3039 | G26: =Inputs!E170+Inputs!F170+C26+D26 -> 10703 | H26: =H34-H10-H18 -> 3161.2007 | I26: No other single country ≥10% of revenue (issuer)
B27: % Y/Y | C27: =IFERROR(IF(Inputs!C170<=0,"n.m.",C26/Inputs!C170-1),"n.a.") -> 0.11332503 | D27: =IFERROR(IF(Inputs!D170<=0,"n.m.",D26/Inputs!D170-1),"n.a.") -> 0.13532651 | E27: =IFERROR(IF(Inputs!E170<=0,"n.m.",E26/Inputs!E170-1),"n.a.") -> 0.1580607 | F27: =IFERROR(IF(Inputs!F170<=0,"n.m.",F26/Inputs!F170-1),"n.a.") -> 0.16974596 | G27: =IFERROR(IF(Inputs!G170<=0,"n.m.",G26/Inputs!G170-1),"n.a.") -> 0.12343865 | H27: =IFERROR(IF(C26<=0,"n.m.",H26/C26-1),"n.a.") -> 0.1786729
B28: % Q/Q | C28: =IFERROR(IF(Inputs!F170<=0,"n.m.",C26/Inputs!F170-1),"n.a.") -> 0.032332564 | D28: =IFERROR(IF(C26<=0,"n.m.",D26/C26-1),"n.a.") -> 0.07606264 | E28: =IFERROR(IF(D26<=0,"n.m.",E26/D26-1),"n.a.") -> 0.018018018 | F28: =IFERROR(IF(E26<=0,"n.m.",F26/E26-1),"n.a.") -> 0.034377127 | G28: n.a. | H28: =IFERROR(IF(F26<=0,"n.m.",H26/F26-1),"n.a.") -> 0.040210833
B29: % of total revenue | C29: =C26/C34 -> 0.62780899 | D29: =D26/D34 -> 0.63694549 | E29: =E26/E34 -> 0.64813589 | F29: =F26/F34 -> 0.63617333 | G29: =G26/G34 -> 0.62277435 | H29: =H26/H34 -> 0.63620566
B30: Organic growth | C30: n.a. | D30: n.a. | E30: n.a. | F30: n.a. | G30: n.a. | H30: n.a. | I30: Unavailable: M&A not disclosed
B31: M&A / scope impact | C31: n.a. | D31: n.a. | E31: n.a. | F31: n.a. | G31: n.a. | H31: n.a. | I31: Not disclosed
B32: FX impact | C32: n.a. | D32: n.a. | E32: n.a. | F32: n.a. | G32: n.a. | H32: n.a. | I32: FX not disclosed by country
B33: Total Y/Y | C33: =C26/Inputs!C170-1 -> 0.11332503 | D33: =D26/Inputs!D170-1 -> 0.13532651 | E33: =E26/Inputs!E170-1 -> 0.1580607 | F33: =F26/Inputs!F170-1 -> 0.16974596 | G33: =G26/Inputs!G170-1 -> 0.12343865 | H33: =H26/C26-1 -> 0.1786729
B34: Total revenue by country | C34: =C10+C18+C26 -> 4272 | D34: =D10+D18+D26 -> 4531 | E34: =E10+E18+E26 -> 4533 | F34: =F10+F18+F26 -> 4777 | G34: =G10+G18+G26 -> 17186 | H34: ='Income Statement'!H10 -> 4968.8347
B35: % Y/Y | C35: =IFERROR(IF(Inputs!C171<=0,"n.m.",C34/Inputs!C171-1),"n.a.") -> 0.071213641 | D35: =IFERROR(IF(Inputs!D171<=0,"n.m.",D34/Inputs!D171-1),"n.a.") -> 0.068128241 | E35: =IFERROR(IF(Inputs!E171<=0,"n.m.",E34/Inputs!E171-1),"n.a.") -> 0.081861575 | F35: =IFERROR(IF(Inputs!F171<=0,"n.m.",F34/Inputs!F171-1),"n.a.") -> 0.13927975 | G35: =IFERROR(IF(Inputs!G171<=0,"n.m.",G34/Inputs!G171-1),"n.a.") -> 0.096535443 | H35: =IFERROR(IF(C34<=0,"n.m.",H34/C34-1),"n.a.") -> 0.16311673
B36: US share of revenue | C36: =C10/C34 -> 0.37148876 | D36: =D10/D34 -> 0.36217171 | E36: =E10/E34 -> 0.35120229 | F36: =F10/F34 -> 0.36298932 | G36: =G10/G34 -> 0.37646922 | H36: =F36 -> 0.36298932 | I36: 3Q26E: held at 2Q26 share (USD tailwind offsets faster ex-US growth)
B37: Y/Y chg (bps) | C37: =IFERROR((C36-Inputs!C172)*10000,"n.a.") -> -239.47545 | D37: =IFERROR((D36-Inputs!D172)*10000,"n.a.") -> -378.75442 | E37: =IFERROR((E36-Inputs!E172)*10000,"n.a.") -> -425.92455 | F37: =IFERROR((F36-Inputs!F172)*10000,"n.a.") -> -166.91096 | G37: =IFERROR((G36-Inputs!G172)*10000,"n.a.") -> -150.32089 | H37: =IFERROR((H36-C36)*10000,"n.a.") -> -84.994402
B38: Q/Q chg (bps) | C38: =IFERROR((C36-Inputs!F172)*10000,"n.a.") -> -81.916557 | D38: =IFERROR((D36-C36)*10000,"n.a.") -> -93.17058 | E38: =IFERROR((E36-D36)*10000,"n.a.") -> -109.69412 | F38: =IFERROR((F36-E36)*10000,"n.a.") -> 117.8703 | G38: n.a. | H38: =IFERROR((H36-F36)*10000,"n.a.") -> 0
B40: Check: geography total − IS revenue | C40: =ROUND(C34-'Income Statement'!C10,6) -> 0 | D40: =ROUND(D34-'Income Statement'!D10,6) -> 0 | E40: =ROUND(E34-'Income Statement'!E10,6) -> 0 | F40: =ROUND(F34-'Income Statement'!F10,6) -> 0 | G40: =ROUND(G34-'Income Statement'!G10,6) -> 0 | H40: =ROUND(H34-'Income Statement'!H10,6) -> 0

Sheet Share Count
B2: Spotify Technology S.A. (NYSE: SPOT)
B3: Share Count
B4: Shares in millions; EUR millions, except per share
B5: Period | C5: 3Q25A | D5: 4Q25A | E5: 1Q26A | F5: 2Q26A | G5: FY25A | H5: 3Q26E | I5: Notes
B6: Period end | C6: 45930 | D6: 46022 | E6: 46112 | F6: 46203 | G6: 46022 | H6: 46295
B7: Days in period | C7: =C6-EOMONTH(C6,-3) -> 92 | D7: =D6-EOMONTH(D6,-3) -> 92 | E7: =E6-EOMONTH(E6,-3) -> 90 | F7: =F6-EOMONTH(F6,-3) -> 91 | G7: =G6-DATE(YEAR(G6)-1,12,31) -> 365 | H7: =H6-EOMONTH(H6,-3) -> 92
B9: Weighted-average shares (millions)
B10: Weighted-average basic shares | C10: 205.9645 | D10: 205.77198 | E10: 205.71685 | F10: 205.78824 | G10: 205.41295 | H10: =F10-H33+H34 -> 205.78618 | I10: Issuer EPS notes (S7, S6, S5, S3); FY25 annual weighted (S6)
B11: % Y/Y | C11: =IFERROR(IF(Inputs!C143<=0,"n.m.",C10/Inputs!C143-1),"n.a.") -> 0.021773155 | D11: =IFERROR(IF(Inputs!D143<=0,"n.m.",D10/Inputs!D143-1),"n.a.") -> 0.014117281 | E11: =IFERROR(IF(Inputs!E143<=0,"n.m.",E10/Inputs!E143-1),"n.a.") -> 0.0061081756 | F11: =IFERROR(IF(Inputs!F143<=0,"n.m.",F10/Inputs!F143-1),"n.a.") -> 0.0017584933 | G11: =IFERROR(IF(Inputs!G143<=0,"n.m.",G10/Inputs!G143-1),"n.a.") -> 0.023877843 | H11: =IFERROR(IF(C10<=0,"n.m.",H10/C10-1),"n.a.") -> -0.0008657891
B12: Q/Q chg (m) | C12: =C10-Inputs!F143 -> 0.537505 | D12: =D10-C10 -> -0.192522 | E12: =E10-D10 -> -0.055129 | F12: =F10-E10 -> 0.071388 | G12: n.a. | H12: =H10-F10 -> -0.0020588235
B13: Dilutive: Exchangeable Notes | C13: 2.911498 | D13: 2.373333 | E13: 0 | F13: 0 | G13: 0 | H13: 0 | I13: Notes repaid March 2026
B14: Dilutive: stock options | C14: 3.614107 | D14: 3.283972 | E14: 2.772641 | F14: 2.396155 | G14: 3.741907 | H14: 2.5 | I14: 3Q26E: higher avg price than 2Q (treasury method)
B15: Dilutive: restricted stock units | C15: 1.292184 | D15: 1.056325 | E15: 0.787102 | F15: 0.674073 | G15: 1.344826 | H15: 0.7
B16: Dilutive: other contingent shares | C16: 0.007442 | D16: 0.007706 | E16: 0.003853 | F16: 0 | G16: 0.009489 | H16: 0 | I16: Dilutive: other contingently issuable shares
B17: Weighted-average diluted shares | C17: =SUM(C10,C13:C16) -> 213.78974 | D17: =SUM(D10,D13:D16) -> 212.49332 | E17: =SUM(E10,E13:E16) -> 209.28045 | F17: =SUM(F10,F13:F16) -> 208.85847 | G17: =SUM(G10,G13:G16) -> 210.50917 | H17: =SUM(H10,H13:H16) -> 208.98618
B18: % Y/Y | C18: =IFERROR(IF(Inputs!C144<=0,"n.m.",C17/Inputs!C144-1),"n.a.") -> 0.030811231 | D18: =IFERROR(IF(Inputs!D144<=0,"n.m.",D17/Inputs!D144-1),"n.a.") -> 0.016653611 | E18: =IFERROR(IF(Inputs!E144<=0,"n.m.",E17/Inputs!E144-1),"n.a.") -> -0.0045805416 | F18: =IFERROR(IF(Inputs!F144<=0,"n.m.",F17/Inputs!F144-1),"n.a.") -> 0.016704085 | G18: =IFERROR(IF(Inputs!G144<=0,"n.m.",G17/Inputs!G144-1),"n.a.") -> 0.016999844 | H18: =IFERROR(IF(C17<=0,"n.m.",H17/C17-1),"n.a.") -> -0.022468585
B19: Q/Q chg (m) | C19: =C17-Inputs!F144 -> 8.362736 | D19: =D17-C17 -> -1.296417 | E19: =E17-D17 -> -3.212869 | F19: =F17-E17 -> -0.42198 | G19: n.a. | H19: =H17-F17 -> 0.12771318
B20: Diluted shares — reported (issuer) | C20: 213.78974 | D20: 212.49332 | E20: 209.28045 | F20: 208.85847 | G20: 210.50917 | H20: n.a.
B21: Check: calc. − reported diluted shares | C21: =ROUND(C17-C20,6) -> 0 | D21: =ROUND(D17-D20,6) -> 0 | E21: =ROUND(E17-E20,6) -> 0 | F21: =ROUND(F17-F20,6) -> 0 | G21: =ROUND(G17-G20,6) -> 0 | H21: n.a. | I21: Check: calculated − reported diluted shares
B22: Dilutive shares % of basic | C22: =(C17-C10)/C10 -> 0.037993105 | D22: =(D17-D10)/D10 -> 0.032664 | E22: =(E17-E10)/E10 -> 0.01732282 | F22: =(F17-F10)/F10 -> 0.014919356 | G22: =(G17-G10)/G10 -> 0.024809643 | H22: =(H17-H10)/H10 -> 0.015550121
B23: Y/Y chg (bps) | C23: =IFERROR((C22-Inputs!C145)*10000,"n.a.") -> 91.010469 | D23: =IFERROR((D22-Inputs!D145)*10000,"n.a.") -> 25.762722 | E23: =IFERROR((E22-Inputs!E145)*10000,"n.a.") -> -109.23913 | F23: =IFERROR((F22-Inputs!F145)*10000,"n.a.") -> 149.19356 | G23: =IFERROR((G22-Inputs!G145)*10000,"n.a.") -> -69.308169 | H23: =IFERROR((H22-C22)*10000,"n.a.") -> -224.42984
B24: Q/Q chg (bps) | C24: =IFERROR((C22-Inputs!F145)*10000,"n.a.") -> 379.93105 | D24: =IFERROR((D22-C22)*10000,"n.a.") -> -53.29105 | E24: =IFERROR((E22-D22)*10000,"n.a.") -> -153.4118 | F24: =IFERROR((F22-E22)*10000,"n.a.") -> -24.034641 | G24: n.a. | H24: =IFERROR((H22-F22)*10000,"n.a.") -> 6.3076498
B26: Buybacks and issuance
B27: Share repurchases, cash (EUR m) | C27: =-'Cash Flow Statement'!C41 -> 58 | D27: =-'Cash Flow Statement'!D41 -> 381 | E27: =-'Cash Flow Statement'!E41 -> 306 | F27: =-'Cash Flow Statement'!F41 -> 232 | G27: =-'Cash Flow Statement'!G41 -> 439 | H27: =-'Cash Flow Statement'!H41 -> 330 | I27: Share repurchases — cash (EUR m, cash flow)
B28: Shares repurchased (m, issuer) | C28: n.a. | D28: n.a. | E28: =Inputs!C244-F28 -> 0.77335 | F28: 0.575866 | G28: n.a. | H28: =H27/H29 -> 0.74411765 | I28: 1Q26 = 1H26 1,349,216 − 2Q26 575,866 (S4); 2025 quarterly split not disclosed
B29: Average repurchase price (EUR per share) | C29: n.a. | D29: n.a. | E29: =E27/E28 -> 395.68113 | F29: =F27/F28 -> 402.8715 | G29: n.a. | H29: =H30/H31 -> 443.47826 | I29: Cash basis / shares (approximation)
B30: Assumed avg repurchase price (USD) | C30: n.a. | D30: n.a. | E30: n.a. | F30: n.a. | G30: n.a. | H30: 510 | I30: 3Q26 trading range ~USD 459-560 (S12)
B31: EUR/USD (3Q26 average assumption) | C31: n.a. | D31: n.a. | E31: n.a. | F31: n.a. | G31: n.a. | H31: 1.15 | I31: ECB month-ends: Jul 1.1485, Aug 1.1596, Sep 1.1355 (S13)
B32: Time-weighting of repurchases | C32: n.a. | D32: n.a. | E32: n.a. | F32: n.a. | G32: n.a. | H32: 0.5 | I32: Time-weighting of repurchases in quarter
B33: Weighted reduction from repurchases (m) | C33: n.a. | D33: n.a. | E33: n.a. | F33: n.a. | G33: n.a. | H33: =H28*H32 -> 0.37205882 | I33: Approximation (retained): roll starts from 2Q26 weighted avg and omits full-quarter carry-over of 2Q26 buybacks/issuance. EPS sensitivity ≈ ±EUR 0.004 (documented range 2.6107–2.6155; buyback carry-over alternative = IS H131). Not applied
B34: Weighted issuance, option/RSU (m) | C34: n.a. | D34: n.a. | E34: n.a. | F34: n.a. | G34: n.a. | H34: 0.37 | I34: 2Q26 basic +0.07m despite ~0.29m weighted buyback (implied ~0.37m)
B35: Shares outstanding, period-end (m) | C35: n.a. | D35: 205.83253 | E35: n.a. | F35: n.a. | G35: =D35 -> 205.83253 | H35: n.a. | I35: 20-F cover (S9); other quarter-ends not disclosed in sources used
B37: Share count behind forecast EPS
B38: Diluted shares used for 3Q26E EPS (m) | C38: n.a. | D38: n.a. | E38: n.a. | F38: n.a. | G38: n.a. | H38: =H17 -> 208.98618
B39: 3Q26E normalized diluted EPS (EUR) | C39: n.a. | D39: n.a. | E39: n.a. | F39: n.a. | G39: n.a. | H39: ='Income Statement'!H83 -> 2.6118231

Sheet Guidance
B2: Spotify Technology S.A. (NYSE: SPOT)
B3: Guidance
B4: EUR millions, except per share; users in millions
B5: Forecast period | C5: 3Q26E
B6: Period end | C6: 46295
B7: Days in period | C7: =C6-EOMONTH(C6,-3) -> 92
B9: Metric | C9: Guidance date | D9: Period | E9: Low | F9: High | G9: Midpoint | H9: Actual / Shortcut est. | I9: Actual − midpoint | J9: Beat / miss (model) | K9: Issuer assessment
B10: Total MAUs (m) | C10: 45867 | D10: 3Q25A | E10: 710 | F10: 710 | G10: =AVERAGE(E10:F10) -> 710 | H10: ='Segment - Ad-Supported'!C16 -> 713 | I10: =H10-G10 -> 3 | J10: =IF(I10>0,"Beat",IF(I10<0,"Miss","In line")) -> Beat | K10: Above
B11: Premium subscribers (m) | C11: 45867 | D11: 3Q25A | E11: 281 | F11: 281 | G11: =AVERAGE(E11:F11) -> 281 | H11: ='Segment - Premium'!C16 -> 281 | I11: =H11-G11 -> 0 | J11: =IF(I11>0,"Beat",IF(I11<0,"Miss","In line")) -> In line | K11: In-Line
B12: Revenue (EUR m; guided in EUR bn, 1 dp) | C12: 45867 | D12: 3Q25A | E12: 4200 | F12: 4200 | G12: =AVERAGE(E12:F12) -> 4200 | H12: ='Income Statement'!C10 -> 4272 | I12: =H12-G12 -> 72 | J12: =IF(I12>0,"Beat",IF(I12<0,"Miss","In line")) -> Beat | K12: Above
B13: Gross margin | C13: 45867 | D13: 3Q25A | E13: 0.311 | F13: 0.311 | G13: =AVERAGE(E13:F13) -> 0.311 | H13: ='Income Statement'!C17 -> 0.31624532 | I13: =(H13-G13)*10000 -> 52.453184 | J13: =IF(I13>0,"Beat",IF(I13<0,"Miss","In line")) -> Beat | K13: Above
B14: Operating income (EUR m) | C14: 45867 | D14: 3Q25A | E14: 485 | F14: 485 | G14: =AVERAGE(E14:F14) -> 485 | H14: ='Income Statement'!C41 -> 582 | I14: =H14-G14 -> 97 | J14: =IF(I14>0,"Beat",IF(I14<0,"Miss","In line")) -> Beat | K14: Above
B15: Social charges embedded (EUR m) | C15: 45867 | D15: 3Q25A | E15: 25 | F15: 25 | G15: =AVERAGE(E15:F15) -> 25 | H15: ='Income Statement'!C91 -> -16 | I15: =H15-G15 -> -41 | J15: n.a. | K15: Below (favourable)
B16: FX impact on revenue growth (bps) | C16: 45867 | D16: 3Q25A | E16: -490 | F16: -490 | G16: =AVERAGE(E16:F16) -> -490 | H16: =('Revenue summary'!C37)*10000 -> -446.33902 | I16: =H16-G16 -> 43.660983 | J16: n.a. | K16: n.a.
B18: Total MAUs (m) | C18: 45965 | D18: 4Q25A | E18: 745 | F18: 745 | G18: =AVERAGE(E18:F18) -> 745 | H18: ='Segment - Ad-Supported'!D16 -> 751 | I18: =H18-G18 -> 6 | J18: =IF(I18>0,"Beat",IF(I18<0,"Miss","In line")) -> Beat | K18: Above
B19: Premium subscribers (m) | C19: 45965 | D19: 4Q25A | E19: 289 | F19: 289 | G19: =AVERAGE(E19:F19) -> 289 | H19: ='Segment - Premium'!D16 -> 290 | I19: =H19-G19 -> 1 | J19: =IF(I19>0,"Beat",IF(I19<0,"Miss","In line")) -> Beat | K19: Above
B20: Revenue (EUR m; guided in EUR bn, 1 dp) | C20: 45965 | D20: 4Q25A | E20: 4500 | F20: 4500 | G20: =AVERAGE(E20:F20) -> 4500 | H20: ='Income Statement'!D10 -> 4531 | I20: =H20-G20 -> 31 | J20: =IF(I20>0,"Beat",IF(I20<0,"Miss","In line")) -> Beat | K20: In-Line
B21: Gross margin | C21: 45965 | D21: 4Q25A | E21: 0.329 | F21: 0.329 | G21: =AVERAGE(E21:F21) -> 0.329 | H21: ='Income Statement'!D17 -> 0.33083205 | I21: =(H21-G21)*10000 -> 18.320459 | J21: =IF(I21>0,"Beat",IF(I21<0,"Miss","In line")) -> Beat | K21: Above
B22: Operating income (EUR m) | C22: 45965 | D22: 4Q25A | E22: 620 | F22: 620 | G22: =AVERAGE(E22:F22) -> 620 | H22: ='Income Statement'!D41 -> 701 | I22: =H22-G22 -> 81 | J22: =IF(I22>0,"Beat",IF(I22<0,"Miss","In line")) -> Beat | K22: Above
B23: Social charges embedded (EUR m) | C23: 45965 | D23: 4Q25A | E23: 17 | F23: 17 | G23: =AVERAGE(E23:F23) -> 17 | H23: ='Income Statement'!D91 -> -50 | I23: =H23-G23 -> -67 | J23: n.a. | K23: Below (favourable)
B24: FX impact on revenue growth (bps) | C24: 45965 | D24: 4Q25A | E24: -620 | F24: -620 | G24: =AVERAGE(E24:F24) -> -620 | H24: =('Revenue summary'!D37)*10000 -> -584.62989 | I24: =H24-G24 -> 35.370108 | J24: n.a. | K24: n.a.
B26: Total MAUs (m) | C26: 46063 | D26: 1Q26A | E26: 759 | F26: 759 | G26: =AVERAGE(E26:F26) -> 759 | H26: ='Segment - Ad-Supported'!E16 -> 761 | I26: =H26-G26 -> 2 | J26: =IF(I26>0,"Beat",IF(I26<0,"Miss","In line")) -> Beat | K26: Above
B27: Premium subscribers (m) | C27: 46063 | D27: 1Q26A | E27: 293 | F27: 293 | G27: =AVERAGE(E27:F27) -> 293 | H27: ='Segment - Premium'!E16 -> 293 | I27: =H27-G27 -> 0 | J27: =IF(I27>0,"Beat",IF(I27<0,"Miss","In line")) -> In line | K27: In-Line
B28: Revenue (EUR m; guided in EUR bn, 1 dp) | C28: 46063 | D28: 1Q26A | E28: 4500 | F28: 4500 | G28: =AVERAGE(E28:F28) -> 4500 | H28: ='Income Statement'!E10 -> 4533 | I28: =H28-G28 -> 33 | J28: =IF(I28>0,"Beat",IF(I28<0,"Miss","In line")) -> Beat | K28: In-Line
B29: Gross margin | C29: 46063 | D29: 1Q26A | E29: 0.328 | F29: 0.328 | G29: =AVERAGE(E29:F29) -> 0.328 | H29: ='Income Statement'!E17 -> 0.32980366 | I29: =(H29-G29)*10000 -> 18.03662 | J29: =IF(I29>0,"Beat",IF(I29<0,"Miss","In line")) -> Beat | K29: Above
B30: Operating income (EUR m) | C30: 46063 | D30: 1Q26A | E30: 660 | F30: 660 | G30: =AVERAGE(E30:F30) -> 660 | H30: ='Income Statement'!E41 -> 715 | I30: =H30-G30 -> 55 | J30: =IF(I30>0,"Beat",IF(I30<0,"Miss","In line")) -> Beat | K30: Above
B31: Social charges embedded (EUR m) | C31: 46063 | D31: 1Q26A | E31: 10 | F31: 10 | G31: =AVERAGE(E31:F31) -> 10 | H31: ='Income Statement'!E91 -> -39 | I31: =H31-G31 -> -49 | J31: n.a. | K31: Below (favourable)
B32: FX impact on revenue growth (bps) | C32: 46063 | D32: 1Q26A | E32: -670 | F32: -670 | G32: =AVERAGE(E32:F32) -> -670 | H32: =('Revenue summary'!E37)*10000 -> -596.65871 | I32: =H32-G32 -> 73.341289 | J32: n.a. | K32: n.a.
B34: Total MAUs (m) | C34: 46140 | D34: 2Q26A | E34: 778 | F34: 778 | G34: =AVERAGE(E34:F34) -> 778 | H34: ='Segment - Ad-Supported'!F16 -> 777 | I34: =H34-G34 -> -1 | J34: =IF(I34>0,"Beat",IF(I34<0,"Miss","In line")) -> Miss | K34: Below
B35: Premium subscribers (m) | C35: 46140 | D35: 2Q26A | E35: 299 | F35: 299 | G35: =AVERAGE(E35:F35) -> 299 | H35: ='Segment - Premium'!F16 -> 300 | I35: =H35-G35 -> 1 | J35: =IF(I35>0,"Beat",IF(I35<0,"Miss","In line")) -> Beat | K35: Above
B36: Revenue (EUR m; guided in EUR bn, 1 dp) | C36: 46140 | D36: 2Q26A | E36: 4800 | F36: 4800 | G36: =AVERAGE(E36:F36) -> 4800 | H36: ='Income Statement'!F10 -> 4777 | I36: =H36-G36 -> -23 | J36: =IF(I36>0,"Beat",IF(I36<0,"Miss","In line")) -> Miss | K36: In-Line
B37: Gross margin | C37: 46140 | D37: 2Q26A | E37: 0.331 | F37: 0.331 | G37: =AVERAGE(E37:F37) -> 0.331 | H37: ='Income Statement'!F17 -> 0.3341009 | I37: =(H37-G37)*10000 -> 31.009001 | J37: =IF(I37>0,"Beat",IF(I37<0,"Miss","In line")) -> Beat | K37: Above
B38: Operating income (EUR m) | C38: 46140 | D38: 2Q26A | E38: 630 | F38: 630 | G38: =AVERAGE(E38:F38) -> 630 | H38: ='Income Statement'!F41 -> 655 | I38: =H38-G38 -> 25 | J38: =IF(I38>0,"Beat",IF(I38<0,"Miss","In line")) -> Beat | K38: Above
B39: Social charges embedded (EUR m) | C39: 46140 | D39: 2Q26A | E39: 10 | F39: 10 | G39: =AVERAGE(E39:F39) -> 10 | H39: ='Income Statement'!F91 -> 1 | I39: =H39-G39 -> -9 | J39: n.a. | K39: Below (favourable)
B40: FX impact on revenue growth (bps) | C40: 46140 | D40: 2Q26A | E40: -80 | F40: -80 | G40: =AVERAGE(E40:F40) -> -80 | H40: =('Revenue summary'!F37)*10000 -> -71.547818 | I40: =H40-G40 -> 8.4521822 | J40: n.a. | K40: n.a.
B42: Total MAUs (m) | C42: 46238 | D42: 3Q26E | E42: 788 | F42: 788 | G42: =AVERAGE(E42:F42) -> 788 | H42: ='Segment - Ad-Supported'!H16 -> 788 | I42: =H42-G42 -> 0 | J42: =IF(I42>0,"Beat",IF(I42<0,"Miss","In line")) -> In line | K42: Pending — reports 2026-10-22
B43: Premium subscribers (m) | C43: 46238 | D43: 3Q26E | E43: 305 | F43: 305 | G43: =AVERAGE(E43:F43) -> 305 | H43: ='Segment - Premium'!H16 -> 305 | I43: =H43-G43 -> 0 | J43: =IF(I43>0,"Beat",IF(I43<0,"Miss","In line")) -> In line | K43: Pending — reports 2026-10-22
B44: Revenue (EUR m; guided in EUR bn, 1 dp) | C44: 46238 | D44: 3Q26E | E44: 5000 | F44: 5000 | G44: =AVERAGE(E44:F44) -> 5000 | H44: ='Income Statement'!H10 -> 4968.8347 | I44: =H44-G44 -> -31.165346 | J44: =IF(I44>0,"Beat",IF(I44<0,"Miss","In line")) -> Miss | K44: Pending — reports 2026-10-22
B45: Gross margin | C45: 46238 | D45: 3Q26E | E45: 0.329 | F45: 0.329 | G45: =AVERAGE(E45:F45) -> 0.329 | H45: ='Income Statement'!H17 -> 0.33027952 | I45: =(H45-G45)*10000 -> 12.795206 | J45: =IF(I45>0,"Beat",IF(I45<0,"Miss","In line")) -> Beat | K45: Pending — reports 2026-10-22
B46: Operating income (EUR m) | C46: 46238 | D46: 3Q26E | E46: 670 | F46: 670 | G46: =AVERAGE(E46:F46) -> 670 | H46: ='Income Statement'!H41 -> 668.30315 | I46: =H46-G46 -> -1.6968497 | J46: =IF(I46>0,"Beat",IF(I46<0,"Miss","In line")) -> Miss | K46: Pending — reports 2026-10-22
B47: Social charges embedded (EUR m) | C47: 46238 | D47: 3Q26E | E47: 9 | F47: 9 | G47: =AVERAGE(E47:F47) -> 9 | H47: ='Income Statement'!H91 -> 21.921177 | I47: =H47-G47 -> 12.921177 | J47: n.a. | K47: Pending — reports 2026-10-22
B48: FX impact on revenue growth (bps) | C48: 46238 | D48: 3Q26E | E48: 200 | F48: 200 | G48: =AVERAGE(E48:F48) -> 200 | H48: =('Revenue summary'!H37)*10000 -> 180 | I48: =H48-G48 -> -20 | J48: n.a. | K48: Pending — reports 2026-10-22
B50: CapIQ revenue_guidance field (S1) | G50: =Inputs!C66 -> 5000 | I50: =G50-G44 -> 0 | K50: Check vs issuer guide = 0
B52: Point guidance: issuer gives single values (low = high). Sources: S7, S6, S5, S3 outlook and actual-vs-guidance pages. 3Q26 "actual" column shows the Shortcut estimate (E).

Sheet Sources
B2: Spotify Technology S.A. (NYSE: SPOT)
B3: Sources
B4: EUR millions, except per share (source register)
B5: Forecast period | C5: 3Q26E
B6: Period end | C6: 46295
B7: Days in period | C7: =C6-EOMONTH(C6,-3) -> 92
B9: ID / title | C9: Pub. date | D9: Publisher | E9: URL or file | F9: What it feeds | G9: Retrieved (UTC)
B10: S1 CapIQ consensus snapshot | C10: 46313 | D10: S&P Capital IQ | E10: SPOT_consensus.json (attached) | F10: Inputs A; Cover consensus; IS consensus rows; calibration | G10: file
B11: S2 CapIQ six-quarter history | C11: 46313 | D11: S&P Capital IQ | E11: SPOT_history.csv (attached) | F11: Inputs B; IS normalized-EPS check; beat calibration | G11: file
B12: S3 Q2 2026 Update (6-K Ex.99.1) | C12: 46238 | D12: Spotify / SEC | E12: https://www.sec.gov/Archives/edgar/data/1639920/000114036126031044/ef20078867_ex99-1.htm | F12: All tabs: 2Q26 IS/BS/CF, KPIs, FX, FCF, 3Q26 guidance | G12: 46315
B13: S4 Q2 2026 6-K interim statements | C13: 46238 | D13: Spotify / SEC | E13: https://www.sec.gov/Archives/edgar/data/1639920/000162828026052543/spot-20260630x6xk.htm | F13: Segment GP, finance note, tax note, revenue by country, buybacks | G13: 46315
B14: S5 Q1 2026 Update (6-K Ex.99.1) | C14: 46140 | D14: Spotify / SEC | E14: https://www.sec.gov/Archives/edgar/data/1639920/000114036126017211/ef20071303_ex99-1.htm | F14: 1Q26 statements; segment reclassification appendix (2024-25) | G14: 46315
B15: S6 Q4 2025 Update (6-K Ex.99.1) | C15: 46063 | D15: Spotify / SEC | E15: https://www.sec.gov/Archives/edgar/data/1639920/000114036126004482/ef20065075_ex99-1.htm | F15: 4Q25 and FY25 statements, EPS, FX, guidance | G15: 46315
B16: S7 Q3 2025 Update (6-K Ex.99.1) | C16: 45965 | D16: Spotify / SEC | E16: https://www.sec.gov/Archives/edgar/data/1639920/000114036125040271/ef20057592_ex99-1.htm | F16: 3Q25 statements, BS 30-Sep-25, KPIs, FX, guidance | G16: 46315
B17: S8 Q3 2025 6-K interim statements | C17: 45965 | D17: Spotify / SEC | E17: https://www.sec.gov/Archives/edgar/data/1639920/000162828025048927/spot-20250930x6xk.htm | F17: Finance note, tax note, revenue by country 3Q25 | G17: 46315
B18: S9 20-F FY2025 segment/country note | C18: 46063 | D18: Spotify / SEC | E18: https://www.sec.gov/Archives/edgar/data/1639920/000162828026006874/R30.htm | F18: FY25 revenue by country; FY25 ARPU; shares outstanding | G18: 46315
B19: S10 Q2 2026 earnings call transcript | C19: 46245 | D19: The Motley Fool | E19: https://www.fool.com/earnings/call-transcripts/2026/08/11/spotify-spot-q2-2026-earnings-call-transcript/ | F19: Opex guidance colour, Q3 regulatory fee, ad automation % | G19: 46315
B20: S11 Q3 2026 results date announcement | C20: 46289 | D20: Business Wire | E20: https://www.businesswire.com/news/home/20260924855017/en/Spotify-Technology-S.A.-to-Announce-Results-for-Third-Quarter-2026 | F20: Expected report date 2026-10-22 | G20: 46315
B21: S12 SPOT close 30-Sep-2026 USD 487.38 | C21: 46295 | D21: StatMuse / exa market data | E21: https://www.statmuse.com/money/ask/what-was-the-highest-price-for-spotify-technology-last-month | F21: Social-charge driver; buyback price | G21: 46315
B22: S13 ECB EUR/USD 30-Sep-2026 | C22: 46295 | D22: Banca d'Italia / ECB | E22: https://www.bancaditalia.it/compiti/operazioni-cambi/cambio/cambi_rif_20260930/ | F22: FX assumptions | G22: 46315
B23: S14 Inderes Q3'26 preview | C23: 46310 | D23: Inderes | E23: https://www.inderes.se/research/spotify-q326-forhandskommentar-uppsidan-mattas-av-i-takt-med-att-aktiekursen-springer-ifran | F23: Social charges ~EUR 19-20m; ARPU cc ~7% | G23: 46315
... B33: S24 S&P 500 eligibility | C33: 46181 | D33: Finexus | E33: https://api.finexus.net/api/news/events/dfaa1e7e-d4a1-410f-8cb7-3cc0168ef886/html | F33: Not an S&P 500 member (Luxembourg domicile) | G33: 46315
B35: Tabs omitted: none. Two reported segments (Premium, Ad-Supported) each have a Segment tab; Geo is included because revenue by country (US, Luxembourg, other) is disclosed (S4, S8, S9).
B36: Inputs tab (after Sources) embeds the complete CapIQ summary row and all six history rows plus comparative-period filing data.
B37: Excluded as post-cutoff (seen in search results, not used): Zacks key-metrics preview 2026-10-19; Bernstein note 2026-10-19; thebenchmark.es 2026-10-19; SPOT price 2026-10-19.
B38: Target-quarter (3Q26) actual results were not observed: issuer reports 2026-10-22, after the 2026-10-18 cutoff.
B39: Not available in sources (left as n.a., not zero): subscriber gross adds and churn, M&A/scope contribution, FX by country, 4Q25 finance-income components, 2025 quarterly buyback share counts.
B40: Retrieval limitation: web sources S3–S24 were retrieved 2026-10-20 (G12:G33), after the 2026-10-18 21:34 UTC cutoff; only content published on/before the cutoff was used (C12:C33). No as-of-cutoff archived snapshots exist for dynamic pages S12/S18; values used are pre-cutoff dated (30-Sep close 487.38; 16-Oct close 530.46 = CapIQ last_close).

Sheet Inputs
B2: Spotify Technology S.A. (NYSE: SPOT)
B3: Inputs (CapIQ files and comparative-period filings data)
B4: EUR millions, except per share; shares in millions
B5: Forecast period | C5: 3Q26E
B6: Period end | C6: 46295
B7: Days in period | C7: =C6-EOMONTH(C6,-3) -> 92
B9: A. CapIQ consensus snapshot — SPOT_consensus.json (S1); top-level fields then complete summary_row, one field per row; blank source values kept blank
B10: Field | C10: Value | D10: Unit / note
B11: source | C11: S&P Capital IQ
B12: ticker | C12: SPOT
B13: company | C13: Spotify Technology S.A.
B14: fiscal_period | C14: FQ3 2026 - Sep 2026
B15: period_end_date | C15: 46295
B16: as_of_date | C16: 46313
B17: analyst_count | C17: 19
B18: consensus_eps | C18: 2.85 | D18: EUR per diluted ordinary share
B19: eps_basis | C19: Normalized diluted EPS per ordinary/common share, EUR; verify issuer adjustments and share identity
B20: consensus_revenue_m | C20: 4978.38 | D20: EUR millions
B21: currency | C21: EUR
B22: summary_sha256 | C22: e59b846434f90c9b5de8c2ed951fd1b25c1f6d0217c680f72dea41992051a49d
B23: captured_precision | C23: date only, user confirmed
B24: currency_units_status | C24: EUR (EPS per share in EUR; revenue and income in EUR millions, CapIQ Company Level EUR) - note the listing is NYSE and the share price is USD
B25: metric_units.eps_currency | C25: EUR
B26: metric_units.eps_share_unit | C26: diluted ordinary/common share
B27: metric_units.revenue_currency | C27: EUR
B28: metric_units.financial_amount_scale | C28: millions
B29: ticker | C29: SPOT
B30: company_name | C30: Spotify Technology S.A.
B31: exchange_ticker | C31: NYSE:SPOT
B32: capiq_company_id | C32: 225595077
B33: currency_basis | C33: EUR (EPS per share in EUR; revenue and income in EUR millions, CapIQ Company Level EUR) - note the listing is NYSE and the share price is USD
B34: fiscal_year_end | C34: Dec-31
B35: fiscal_quarter | C35: FQ3 2026 - Sep 2026
B36: quarter_end_date | C36: 46295
B37: expected_report_date | C37: 46329
B38: eps_basis | C38: normalized diluted and GAAP diluted, as labelled | D38: EUR / diluted share
B39: eps_normalized_estimates | C39: 19 | D39: EUR / diluted share
B40: eps_normalized_contributors | C40: 20 | D40: EUR / diluted share
B41: detail_tab_total_contributors | C41: 40
B42: eps_normalized_mean | C42: 2.85 | D42: EUR / diluted share
B43: eps_normalized_median | C43: 2.85 | D43: EUR / diluted share
B44: eps_normalized_high | C44: 3.33 | D44: EUR / diluted share
B45: eps_normalized_low | C45: 2.51 | D45: EUR / diluted share
B46: eps_normalized_std_dev | C46: 0.2 | D46: EUR / diluted share
B47: eps_normalized_n_est | C47: 19 | D47: EUR / diluted share
B48: eps_normalized_guidance | D48: EUR / diluted share; blank in source = unavailable
B49: eps_normalized_guidance_low | D49: EUR / diluted share; blank in source = unavailable
B50: eps_normalized_guidance_high | D50: EUR / diluted share; blank in source = unavailable
B51: eps_gaap_mean | C51: 2.81 | D51: EUR / diluted share
B52: eps_gaap_median | C52: 2.83 | D52: EUR / diluted share
B53: eps_gaap_high | C53: 3.22 | D53: EUR / diluted share
B54: eps_gaap_low | C54: 2.51 | D54: EUR / diluted share
B55: eps_gaap_std_dev | C55: 0.17 | D55: EUR / diluted share
B56: eps_gaap_n_est | C56: 26 | D56: EUR / diluted share
B57: eps_gaap_guidance | D57: EUR / diluted share; blank in source = unavailable
B58: eps_gaap_guidance_low | D58: EUR / diluted share; blank in source = unavailable
B59: eps_gaap_guidance_high | D59: EUR / diluted share; blank in source = unavailable
B60: revenue_mean | C60: 4978.38 | D60: EUR m
B61: revenue_median | C61: 4979.87 | D61: EUR m
B62: revenue_high | C62: 5008 | D62: EUR m
B63: revenue_low | C63: 4908 | D63: EUR m
B64: revenue_std_dev | C64: 23.34 | D64: EUR m
B65: revenue_n_est | C65: 28 | D65: EUR m
B66: revenue_guidance | C66: 5000 | D66: EUR m
B67: revenue_guidance_low | D67: EUR m; blank in source = unavailable
B68: revenue_guidance_high | D68: EUR m; blank in source = unavailable
B69: ebitda | C69: 704.04 | D69: EUR m (consensus)
B70: ebit | C70: 672.01 | D70: EUR m (consensus)
B71: ebt_excl_excep | C71: 744.37 | D71: EUR m (consensus)
B72: ebt_gaap | C72: 739.26 | D72: EUR m (consensus)
B73: net_income_excl_excep | C73: 598.47 | D73: EUR m (consensus)
B74: net_income_gaap | C74: 591.71 | D74: EUR m (consensus)
B75: gross_margin_pct | D75: blank in source = unavailable
B76: effective_tax_rate_pct | D76: blank in source = unavailable
B77: d_and_a | C77: 27.79 | D77: EUR m (consensus)
B78: capex | D78: EUR m (consensus); blank in source = unavailable
B79: cfo | D79: EUR m (consensus); blank in source = unavailable
B80: fcf | D80: EUR m (consensus); blank in source = unavailable
B81: interest_expense | C81: -21.81 | D81: EUR m (consensus)
B82: net_debt | C82: -8165.65 | D82: EUR m (consensus)
B83: nav | D83: EUR m (consensus); blank in source = unavailable
B84: roe_pct | D84: blank in source = unavailable
B85: target_price_mean | C85: 532.38 | D85: USD (not used in model)
B86: target_price_median | C86: 521.48 | D86: USD (not used in model)
B87: target_price_high | C87: 625.18 | D87: USD (not used in model)
B88: target_price_low | C88: 364.69 | D88: USD (not used in model)
B89: target_price_std_dev | C89: 58.94 | D89: USD (not used in model)
B90: target_price_n_est | C90: 37 | D90: USD (not used in model)
B91: recommendation | C91: Outperform
B92: recommendation_score | C92: 1.68
B93: last_close_price | C93: 530.46 | D93: USD (not used in model)
B94: wk52_high_low | C94: 696.95/405.00 | D94: USD (not used in model)
B95: estimates_captured_at | C95: 46313
B96: notes | C96: Mixed units. EPS, revenue and income are EUR; the NYSE:SPOT price, target price and 52-week range are USD. CapIQ expects the FQ3 2026 release on Nov-03-2026, outside the Oct 19-23 window.
B98: B. CapIQ history — SPOT_history.csv (S2), all six rows; EPS EUR per diluted share, revenue EUR m
B99: period_end_date | C99: report_date | D99: eps_normalized_consensus | E99: eps_normalized_actual | F99: eps_gaap_consensus | G99: eps_gaap_actual | H99: revenue_m_consensus | I99: revenue_m_actual
B100: 45747 | C100: 45776 | D100: 2.33 | E100: 1.07 | F100: 2.21 | G100: 1.07 | H100: 4200.25 | I100: 4190
B101: 45838 | C101: 45867 | D101: 2.02 | E101: -0.42 | F101: 1.98 | G101: -0.42 | H101: 4264.97 | I101: 4193
B102: 45930 | C102: 45965 | D102: 2.13 | E102: 3.28 | F102: 2.02 | G102: 3.28 | H102: 4232.69 | I102: 4272
B103: 46022 | C103: 46063 | D103: 2.84 | E103: 4.43 | F103: 2.78 | G103: 4.43 | H103: 4519.82 | I103: 4531
...
